Cogmind - Beta 16 @@@ ROGUE MODE // 2025.10.24 @ 02:47:13 Player: Wyvric Result: Establishing 0b11! Performance ------------- Evolutions (9) 4500 Regions Visited (32) 6400 Robots Destroyed (688) 3440 Value Destroyed (40879) 40879 Prototype IDs (369) 7380 Alien Tech Used (8) 1600 Bonus (60216) 60216 TOTAL SCORE: 124415 Bonus ------- High Alert Combat Kills 11373 Follower Combat Kills 450 Network Hubs Disabled 600 Met Data Miner 300 Met Zhirov 300 Met R17 at Cetus 500 Met R17 at Research 2000 Recovered Sigix Corpse 2000 Destroyed MAIN.C Guards 500 Met MAIN.C 5000 Destroyed MAIN.C Shell 5000 Destroyed MAIN.C 10000 Met Architect 300 Started Test 138-B 500 Destroyed A8 300 Destroyed A6 400 Destroyed A5 500 Destroyed A4 700 Destroyed A3 800 Destroyed A2 1000 Destroyed Architect 15000 Win 3000 Friendly Fire -307 Cogmind --------- Core Integrity 1135/1600 Matter 263/300 Energy 2745/2748 System Corruption 3% Temperature Cool (9) Movement Hovering (71) Location 0b11 Command Parts ------- > --- POWER (3) -------- Point-Quantum Reactor > --- PROPULSION (6) --- Hovering Cooled-Biometal Exoskeleton > --- UTILITY (12) ----- Armored Scrap Engine Concept Thermoelectric Network Concept Antigrav Storage Unit Long-range Terrain Scanner Experimental Terrain Scan Processor Experimental Core Analyzer Experimental Armor Integrity Analyzer Experimental Weapon Cycler Experimental Phase Shifter Centrium Linked Plating AEGIS Remote Shield > --- WEAPON (4) ------- Hpw. KE Sniper Construct/C > --- INVENTORY (25) --- Vortex Chain Reactor 2N-1CE's Frost Array Concept Thermoelectric Network Experimental Energy Well (600) Concept Chromion Battery (800) Concept NT7 Matterbank (750) Experimental Targeting Computer Concept Weapon Articulator Mini Quantum Capacitor Experimental Phase Shifter Centrium Linked Plating Experimental Powered Armor Experimental Powered Armor Concept Hardlight Director AEGIS Remote Shield Concept Matter Streamer Concept Impact Drone Bay (6/6) Concept Impact Drone Bay (6/6) Gatling Beam Modified Sigix Sheargun Concept Plasma Driver Sigix Corpse Peak State ------------ > --- POWER ------------ Point-Quantum Reactor > --- PROPULSION ------- Hovering Cooled-Biometal Exoskeleton > --- UTILITY ---------- Armored Scrap Engine Concept Thermoelectric Network Concept Antigrav Storage Unit Experimental Core Analyzer Improved Armor Integrity Analyzer Mini Quantum Capacitor Advanced Reaction Control System Phase Armor Concept Hardlight Director Concept Network Penetrator > --- WEAPON ----------- Concept Plasma Driver Hpw. KE Sniper Construct/C > --- INVENTORY -------- Improved Quantum Reactor High-density Centrium Leg 2N-1CE's Frost Array Concept Thermoelectric Network Concept Chromion Battery Concept NT7 Matterbank Experimental Active Sensor Suite Concept Weapon Articulator Advanced Weapon Cycler Improved Transmission Jammer Graphene Brace Experimental EM Shield Advanced Component Analysis Suite Concept Matter Streamer Concept Impact Drone Bay Concept Impact Drone Bay Transdimensional Reconstructor Concept Plasma Driver Concept Plasma Driver Heavy Gauss Cannon Graviton Cannon Concept Miniperforator Concept Miniperforator [Rating: 283] Favorites ----------- Power Constructs Engine Improved Ion Engine Power Core Light Nuclear Core Reactor Constructs Propulsion Constructs Treads Light Treads Leg Aluminum Leg Wheel Armored Wheel Hover Unit Constructs Utility Armored Scrap Engine Device Armored Scrap Engine Storage Huge Storage Unit Processor Improved Signal Interpreter Hackware Concept Network Penetrator Protection Heavy Regenerative Plating Artifact Phase Armor Weapon Constructs Energy Gun Lightning Gun Energy Cannon Heavy Plasma Cannon Ballistic Gun Autogun Ballistic Cannon Constructs Launcher Improved Proton Missile Launcher Special Weapon Mining Laser Impact Weapon Powered Hammer Build | -11 -10 -10 -9 -9 -8 -8 -8 -6 -6 -6 -6 -5 -5 -5 -5 -5 -5 -5 -4 -4 -4 -4 -4 -4 -3 -3 -3 -2 -2 -1 -1 -1 ------- Run | Yrd Mat Min Mat Min Mat Sto Rec Fac Low Low Dat Pro Fac Was Fac Upp Upp Zhi Pro Fac Ext Cet Arc Hub Res Qua Frg Res Tes Acc Com Ac0 Slots Evolved 18 | . . . 2 . 2 . . 4 . . . . 2 . . . . . . 2 . . . . 2 . . 2 . 2 . . Power 2 | . . . . . . . . 1 . . . . . . . . . . . 1 . . . . . . . . . . . . Propulsion 4 | . . . 2 . 1 . . . . . . . 1 . . . . . . . . . . . . . . . . . . . Utility 10 | . . . . . 1 . . 2 . . . . 1 . . . . . . . . . . . 2 . . 2 . 2 . . Weapon 2 | . . . . . . . . 1 . . . . . . . . . . . 1 . . . . . . . . . . . . Parts Attached 274 | 6 13 1 23 4 14 8 4 15 9 1 . 2 2 1 13 6 5 1 1 6 5 2 7 4 11 18 32 8 6 2 35 9 Power 10 | 1 1 . 3 1 1 1 . 2 . . . . . . . . . . . . . . . . . . . . . . . . Engine 8 | 1 . . 3 1 1 1 . 1 . . . . . . . . . . . . . . . . . . . . . . . . Core 2 | . 1 . . . . . . 1 . . . . . . . . . . . . . . . . . . . . . . . . Reactor . | . . . . . . . . . . . . . . . . . . . . . . . . . . . . . . . . . Propulsion 28 | 2 2 . 10 2 6 3 . . . . . . . . 2 . . . . 1 . . . . . . . . . . . . Treads 22 | . 2 . 10 2 5 3 . . . . . . . . . . . . . . . . . . . . . . . . . . Leg 5 | 2 . . . . . . . . . . . . . . 2 . . . . 1 . . . . . . . . . . . . Wheel 1 | . . . . . 1 . . . . . . . . . . . . . . . . . . . . . . . . . . . Hover . | . . . . . . . . . . . . . . . . . . . . . . . . . . . . . . . . . Flight . | . . . . . . . . . . . . . . . . . . . . . . . . . . . . . . . . . Utility 192 | 1 3 . 6 1 4 1 2 8 6 1 . 2 2 1 10 5 5 1 1 5 4 2 7 4 11 18 30 5 5 1 31 9 Device 117 | . 1 . 1 . 1 1 1 6 4 1 . 1 1 1 8 3 3 . . 4 3 . 6 1 5 8 22 4 3 1 22 5 Storage 18 | 1 2 . 2 . 1 . . 1 . . . . . . 2 . . . . 1 . . . . 1 1 1 . 1 . 4 . Processor 23 | . . . . . 1 . 1 . 1 . . 1 . . . 1 . . . . . 1 . . 2 5 6 . . . 3 1 Hackware 8 | . . . . . 1 . . . . . . . . . . . . . . . . . . 2 2 . . 1 . . . 2 Protection 25 | . . . 3 1 . . . 1 1 . . . 1 . . 1 2 1 1 . 1 1 1 1 1 3 1 . 1 . 2 1 Artifact 1 | . . . . . . . . . . . . . . . . . . . . . . . . . . 1 . . . . . . Weapon 44 | 2 7 1 4 . 3 3 2 5 3 . . . . . 1 1 . . . . 1 . . . . . 2 3 1 1 4 . Energy Gun 8 | . . . 1 . . . 2 1 1 . . . . . 1 . . . . . 1 . . . . . . 1 . . . . Energy Cannon 9 | . . . . . . . . 4 . . . . . . . 1 . . . . . . . . . . . 1 1 1 1 . Ballistic Gun 10 | 2 2 . 3 . 1 1 . . 1 . . . . . . . . . . . . . . . . . . . . . . . Ballistic Cannon 11 | . 5 . . . . . . . . . . . . . . . . . . . . . . . . . 2 1 . . 3 . Launcher 4 | . . . . . 2 1 . . 1 . . . . . . . . . . . . . . . . . . . . . . . Special Weapon 1 | . . 1 . . . . . . . . . . . . . . . . . . . . . . . . . . . . . . Impact Weapon 1 | . . . . . . 1 . . . . . . . . . . . . . . . . . . . . . . . . . . Slashing Weapon . | . . . . . . . . . . . . . . . . . . . . . . . . . . . . . . . . . Piercing Weapon . | . . . . . . . . . . . . . . . . . . . . . . . . . . . . . . . . . Special Melee Weapon . | . . . . . . . . . . . . . . . . . . . . . . . . . . . . . . . . . Unidentified Prototypes 43 | . 1 . . . . . 1 . 1 . . . . . . . 1 2 . 1 . 1 1 . 2 7 16 . 2 . 3 4 Corrupted Parts 10 | . . . . . . . . . . . . 1 . . . . . . . . . . 2 . . . . . . . 7 . System Corruption 37 | . . . . . . . . . . . . 3 . . . . . . . . . . 7 . . . . . . . 27 . Parts Lost 20 | . . . 5 . . 1 1 4 . . . . . . . 1 . . . . 1 . . . 2 1 4 . . . . . Power 5 | . . . 2 . . 1 . 2 . . . . . . . . . . . . . . . . . . . . . . . . Propulsion 2 | . . . 2 . . . . . . . . . . . . . . . . . . . . . . . . . . . . . Utility 9 | . . . . . . . 1 1 . . . . . . . . . . . . 1 . . . 2 1 3 . . . . . Weapon 4 | . . . 1 . . . . 1 . . . . . . . 1 . . . . . . . . . . 1 . . . . . Highest Loss Streak 3 | . . . 2 . . 1 1 3 . . . . . . . 1 . . . . 1 . . . 1 1 2 . . . . . To Critical Strikes . | . . . . . . . . . . . . . . . . . . . . . . . . . . . . . . . . . Average Backups 22 | 4 9 15 22 25 24 25 21 24 24 23 25 24 23 22 23 23 23 24 24 24 24 24 24 24 23 23 23 23 23 23 22 22 Power . | . . . . . . . . . . 1 1 1 1 1 1 1 1 1 1 . . . 1 1 . . . . . 1 1 1 Propulsion 3 | 2 3 4 4 7 4 4 6 7 5 8 10 10 8 7 5 1 . . 3 4 7 6 4 4 5 4 . 1 1 . . . Utility 11 | . 2 3 6 7 6 7 5 9 10 6 6 5 6 6 9 14 17 16 14 15 12 12 15 18 15 12 17 14 15 14 15 17 Weapon 5 | . 3 8 9 8 12 13 8 6 7 7 8 7 7 6 7 6 4 5 5 2 3 4 2 . . 2 2 6 5 6 3 2 Tool/Special . | . . . . . . . . . . . . . . . . . . . . . . . . . . . . . . . . . Unused Backups 302 | . 10 1 17 2 16 . 15 28 9 3 . . 5 3 15 8 3 3 2 13 12 3 6 2 7 12 34 3 9 1 39 21 Power 19 | . 1 . 1 . . . 1 1 . . . . . . 1 . . . . . . . . . 1 2 3 . . . 7 1 Propulsion 74 | . 3 . . . . . 9 12 3 1 . . 4 . 7 3 . . . 6 3 . 2 . 3 6 3 1 5 1 1 1 Utility 83 | . 3 . 6 . 3 . . 7 3 1 . . 1 1 1 1 2 1 1 3 3 . 1 1 1 3 19 1 1 . 5 14 Weapon 124 | . 3 1 10 2 13 . 5 7 3 1 . . . 2 6 4 1 1 1 4 6 3 3 1 2 1 9 1 3 . 26 5 Tool/Special 2 | . . . . . . . . 1 . . . . . . . . . 1 . . . . . . . . . . . . . . Average Slot Usage (%) 60 | . 99 100 99 100 99 99 64 54 50 47 46 49 40 46 48 46 45 46 47 41 42 42 41 42 46 42 44 48 51 54 53 55 Engine 2 | . 7 . 10 11 9 8 8 3 1 . . . 1 5 1 . 2 5 3 2 . . . . . . . . . . . . Core 2 | . 6 14 . . . . . 4 6 6 6 6 3 . 3 2 2 . 1 . . . 4 5 3 . . . . . . . Reactor 1 | . . . . . . . . . . . . . . . . 2 . . . 1 4 5 . . . 4 4 4 4 4 4 4 Treads 10 | . 25 28 43 44 40 41 18 3 . . . . . . . 2 3 5 . 2 . . 3 5 4 4 2 . . . 1 2 Hover 1 | . . . . . . . . . . 6 6 6 5 5 . 1 . . . . 2 5 1 . . . 1 4 4 4 2 1 Device 13 | . 13 14 2 10 1 8 8 19 12 12 13 13 6 15 16 11 14 11 16 14 10 10 14 14 12 12 17 13 12 19 23 23 Storage 6 | . 14 14 11 11 9 9 9 6 6 6 6 6 5 5 5 5 5 5 5 5 5 5 5 5 4 4 4 4 4 4 4 4 Processor 4 | . . . . . 7 9 1 . 5 6 6 6 5 5 5 9 5 5 5 5 5 5 1 . 4 6 3 8 8 8 8 12 Protection 2 | . . . 8 . 3 . . . 1 . . . 3 . . . . 4 . . 4 5 3 5 7 4 2 . . . 3 3 Energy Cannon 1 | . . . . . . . . 7 1 1 . 2 . . 1 . 2 . 2 2 . 4 . . . . . . 4 6 2 2 Ballistic Gun 4 | . 22 27 18 22 17 12 2 1 2 . . . . . . . . . . . . . . . . . . . . . . . Ballistic Cannon 2 | . 5 . . . . . . . 4 5 6 6 5 4 3 4 2 5 2 2 4 . 4 5 3 3 4 5 3 . 3 1 Peak Build Rating 283 | 6 15 15 21 23 34 36 50 81 83 83 80 81 85 85 106 104 95 93 105 117 135 140 144 146 169 179 247 269 270 283 274 277 Average Rating 116 | 4 11 14 18 19 30 33 41 66 74 77 76 78 83 84 98 93 89 87 98 104 126 137 140 141 159 173 215 258 262 274 252 268 On Entrance 106 | . 6 15 15 19 23 34 33 50 81 75 76 80 77 85 85 104 91 86 93 95 117 127 140 142 144 162 175 215 264 264 271 268 Avg Prop Armor Cover (%) 17 | . . . . . 26 24 7 . . . . . . . . . . . . . . . . . . . . . . . . . Naked Turns . | . . . . . . . . . . . . . . . . . . . . . . . . . . . . . . . . . Heaviest Build 186 | 14 32 32 100 98 103 101 99 140 133 111 109 111 122 122 115 130 134 130 134 142 168 161 160 155 175 182 186 172 172 182 171 155 Greatest Support 389 | 20 40 40 89 83 106 106 103 104 104 64 64 64 64 64 153 190 178 92 95 175 198 144 176 176 274 274 378 274 274 274 353 389 Greatest Overweight (x) 8 | . . . 1 1 7 8 5 2 1 1 1 1 1 1 1 1 1 1 2 2 1 1 1 . . . . . . . . . Average Overweight (x) . | . . . . 1 2 4 . 1 . 1 1 1 1 1 . . . 1 1 . . 1 . . . . . . . . . . Largest Inventory Capacity 25 | 8 15 15 25 25 25 25 25 25 25 25 25 25 25 25 25 25 25 25 25 25 25 25 25 25 25 25 25 25 25 25 25 25 Average Capacity 24 | 7 11 15 22 25 25 25 25 25 25 25 25 25 25 25 25 25 25 25 25 25 25 25 25 25 25 25 25 25 25 25 25 25 Most Carried 25 | 8 15 15 25 25 25 25 25 25 25 25 25 25 25 25 25 25 25 25 25 25 25 25 25 25 25 25 25 25 25 25 25 25 Average Carried 23 | 4 9 14 22 24 24 25 21 24 24 23 24 24 24 23 24 24 24 24 24 24 24 24 24 24 23 24 24 24 24 24 22 24 Final Capacity 25 | 8 15 15 25 25 25 25 25 25 25 25 25 25 25 25 25 25 25 25 25 25 25 25 25 25 25 25 25 25 25 25 25 25 Final Carried 25 | 8 15 15 25 25 25 25 25 25 22 25 24 24 25 24 24 23 25 25 25 25 25 25 25 24 25 25 24 25 25 25 25 23 Scrap Engine Consumption 512 | . . . . . . . 76 46 18 14 . 9 9 6 29 33 15 2 15 24 39 10 8 4 18 9 40 5 8 2 67 6 Constructs Created 6 | . . . . . . . 3 3 . . . . . . . . . . . . . . . . . . . . . . . . Constructs Modified 231 | . . . . . . . 31 15 10 7 . 3 1 2 19 18 6 1 5 10 21 2 7 1 7 1 24 4 2 . 28 6 Class Distribution -------------------- 63% | Construct 12% | Scavenger-Mutant 11% | Mutant 6% | Scavenger-Construct 4% | Hacker-Construct Dominant Class ---------------- Mutant | -10/Materials Mutant | -10/Mines Scavenger-Mutant | -9/Materials Scavenger-Mutant | -9/Mines Mutant | -8/Materials Scavenger-Mutant | -8/Storage Construct | -8/Recycling Construct | -6/Factory Construct | -6/Lower Caves Construct | -6/Lower Caves Construct | -6/Data Miner Construct | -5/Proximity Caves Construct | -5/Factory Construct | -5/Waste Construct | -5/Factory Construct | -5/Upper Caves Construct | -5/Upper Caves Construct | -5/Zhirov Construct | -4/Proximity Caves Construct | -4/Factory Construct | -4/Extension Construct | -4/Cetus Construct | -4/Archives Construct | -4/Hub_04(d) Construct | -3/Research Construct | -3/Quarantine Construct | -3/Protoforge Hacker-Construct | -2/Research Hacker-Construct | -2/Testing Hacker-Construct | -1/Access Construct | -1/Command Scavenger-Construct | -1/Access_0 Resources | -11 -10 -10 -9 -9 -8 -8 -8 -6 -6 -6 -6 -5 -5 -5 -5 -5 -5 -5 -4 -4 -4 -4 -4 -4 -3 -3 -3 -2 -2 -1 -1 -1 ----------- Run | Yrd Mat Min Mat Min Mat Sto Rec Fac Low Low Dat Pro Fac Was Fac Upp Upp Zhi Pro Fac Ext Cet Arc Hub Res Qua Frg Res Tes Acc Com Ac0 Matter Collected 25220 | 280 336 166 899 208 780 104 263 597 333 243 . 258 259 489 976 844 350 51 235 294 255 111 174 842 896 1436 5615 1181 1408 540 3145 1652 Remotely 5792 | . . . . . . . . . . . . . . . 603 . . . . . . . . 484 169 557 2017 465 316 . 1011 170 Salvage Created 41261 | 125 325 190 1538 284 1155 405 2905 867 508 407 . 770 279 816 1152 1952 1034 113 769 1140 2093 584 747 1004 735 1540 7474 1012 881 496 3263 4698 Parts 1937 | 5 23 11 101 18 62 26 99 44 27 17 . 31 8 16 48 54 22 2 23 50 96 17 35 50 30 86 348 40 41 16 126 365 Haulers Intercepted 6 | . . . 3 . 1 . . . . . . . . . . . 1 . . . . . . . . . . 1 . . . . Recyclers Shooed 7 | . . 1 2 . . . 1 . . . . . . . . . . . . . . . . . . . . 3 . . . . Parts Field Recycled . | . . . . . . . . . . . . . . . . . . . . . . . . . . . . . . . . . Retrieved Matter . | . . . . . . . . . . . . . . . . . . . . . . . . . . . . . . . . . Parts Self-Destructed 54 | . . . . . . . . . 17 8 . 12 . . . 10 6 . 1 . . . . . . . . . . . . . Prevented 60 | . . . . . . . . . 2 5 . 6 . . . 16 11 1 19 . . . . . . . . . . . . . Parts Restored 6 | . . . . . . . . . . . . . . . . . . . . . . . . . . . 6 . . . . . Faulty 6 | . . . . . . . . . . . . . . . . . . . . . . . . . . . 6 . . . . . Kills | -11 -10 -10 -9 -9 -8 -8 -8 -6 -6 -6 -6 -5 -5 -5 -5 -5 -5 -5 -4 -4 -4 -4 -4 -4 -3 -3 -3 -2 -2 -1 -1 -1 ------- Run | Yrd Mat Min Mat Min Mat Sto Rec Fac Low Low Dat Pro Fac Was Fac Upp Upp Zhi Pro Fac Ext Cet Arc Hub Res Qua Frg Res Tes Acc Com Ac0 Combat Hostiles Destroyed 548 | . 10 5 30 9 23 12 13 20 6 7 . 14 5 3 10 15 15 . 10 17 27 8 4 9 9 14 130 16 13 11 39 44 Melee 2 | . . . . . . . 1 . . . . . . . . . . . . . 1 . . . . . . . . . . . Guns 88 | . 9 5 30 9 21 5 7 2 . . . . . . . . . . . . . . . . . . . . . . . . Cannons 374 | . 1 . . . . . . 8 5 1 . 1 5 3 6 10 4 . 8 17 25 4 2 9 8 14 124 16 13 11 37 42 AOE 43 | . . . . . 2 7 3 7 . 5 . 12 . . 2 1 2 . . . . . . . 1 . 1 . . . . . Classes Destroyed 34 | 2 3 . 4 1 2 1 3 1 2 1 . 1 . 1 . . . . 1 . 1 . . . . 1 8 . . . 1 . Worker 38 | . . . 5 . 2 2 2 3 . . . . . . 3 . . . . . . . . 1 2 4 3 2 1 . 8 . Builder 17 | . . . . . 1 . 4 1 . . . . . . . . . . . 2 3 . . . 1 1 2 2 . . . . Tunneler 3 | 1 . . . . . . . 1 . . . . . . 1 . . . . . . . . . . . . . . . . . Hauler 6 | . . . 3 . 1 . . . . . . . . . . . 1 . . . . . . . . . . 1 . . . . Recycler 36 | 1 . . 2 . 1 . 21 1 . . . . . . 3 . . . . 1 . . . 1 . 1 . . 2 1 1 . Carrier 1 | . . . . . . . . . . . . . . . . . . . . . . . . . . . 1 . . . . . Minesweeper 1 | . . . . . . . . . . 1 . . . . . . . . . . . . . . . . . . . . . . Mechanic 2 | . . . . . . . . . . . . . . . . . . . . . . . . . . . 2 . . . . . Operator 20 | . 1 . . . . . . . . . . . . . 1 . . . . 1 1 . 9 2 . . 1 1 . . 3 . Drone 8 | . . . . . . . . . . . . 2 . . . . . . . . . . . . . . 6 . . . . . Watcher 15 | . . . . . 1 . . . . . . . . . 1 . . . . 5 . . . 1 . 2 . 3 1 . 1 . Swarmer 76 | . 3 . 6 4 7 . . 3 . 4 . 9 1 . . 2 4 . 3 10 . . . . 1 5 . 1 . 9 4 . Cutter 3 | . . . . . . . . . . . . . . . . . . . . . . . . . . . . 3 . . . . Saboteur 4 | . . . . . . . . . . . . . . . . . . . . . 1 . . . . . 3 . . . . . Grunt 128 | . 7 5 12 4 9 3 3 12 . 1 . 2 4 . 3 8 11 . 3 2 5 . . 3 3 . 20 3 1 2 2 . Brawler 17 | . . . . 1 . 4 . . . . . . . . 1 2 . . . . . . . . 1 . 8 . . . . . Duelist 15 | . . . 2 . . . 1 . . . . 1 . . . . . . 1 . 3 . . . . . 6 1 . . . . Protector 5 | . . . . . . 2 1 . . . . . . . . . . . . . . . . . . . 2 . . . . . Researcher 2 | . . . . . . . . . . . . . . . . . . . . . . . . . . . 2 . . . . . Sentry 70 | . . . 10 . 7 3 4 3 1 1 . . . . 4 1 . . 1 2 7 . 4 4 2 . 10 2 . . 4 . Specialist 6 | . . . . . . . . . 2 . . . . . . . . . . . . . . . . . 4 . . . . . Hunter 18 | . . . . . . . 1 . 1 1 . . . . . 2 . . . . 4 . . . 2 . 3 2 . . 2 . Programmer 75 | . . . . . . . . 2 2 . . . . . 2 . . . 1 2 4 . . 2 . 8 18 4 10 . 20 . Heavy 1 | . . . . . . . . . . . . . . . . . . . . . . . . . . . . . . . 1 . Behemoth 3 | . . . . . . . . . . . . . . . . . . . 1 1 1 . . . . . . . . . . . Compactor 3 | . . . . . . . . . . . . . . 3 . . . . . . . . . . . . . . . . . . Cetus Guard 8 | . . . . . . . . . . . . . . . . . . . . . . 8 . . . . . . . . . . S7 Guard 1 | . . . . . . . . . . . . . . . . . . . . . . . . . . . . . 1 . . . M Guard 2 | . . . . . . . . . . . . . . . . . . . . . . . . . . . . . . . 2 . Enhanced Grunt 29 | . . . . . . . . . . . . . . . . . . . . . . . . . . . . . . . . 29 Enhanced Sentry 1 | . . . . . . . . . . . . . . . . . . . . . . . . . . . . . . . . 1 Enhanced Hunter 7 | . . . . . . . . . . . . . . . . . . . . . . . . . . . . . . . . 7 Hotshot 17 | . . . . . . . . . . . . . . . . . . . . . . . . . . . 17 . . . . . Decapitator 11 | . . . . . . . . . . . . . . . . . . . . . . . . . . . 11 . . . . . Immortal 7 | . . . . . . . . . . . . . . . . . . . . . . . . . . . 7 . . . . . Combat Programmer 2 | . . . . . . . . . . . . . . . . . . . . . . . . . . . . . . . 2 . Striker 2 | . . . . . . . . . . . . . . . . . . . . . . . . . . . 2 . . . . . Executioner 3 | . . . . . . . . . . . . . . . . . . . . . . . . . . . 3 . . . . . Alpha 7 3 | . . . . . . . . . . . . . . . . . . . . . . . . . . . 2 . 1 . . . Fortress 1 | . . . . . . . . . . . . . . . . . . . . . . . . . . 1 . . . . . . V-Series 8 | . . . . . . . . . . . . . . . . . . . . . . . . . . . 8 . . . . . Scientist 2 | . . . . . . . 2 . . . . . . . . . . . . . . . . . . . . . . . . . Scrapper 3 | . . . . . . . 3 . . . . . . . . . . . . . . . . . . . . . . . . . Packrat 2 | . . . . . . . . . 1 . . . . . . 1 . . . . . . . . . . . . . . . . Samaritan 2 | . . . . . . . . . 1 1 . . . . . . . . . . . . . . . . . . . . . . Thug 1 | . . . . . . . . . . . . . . . . . . . . . 1 . . . . . . . . . . . Butcher 1 | . . . . . . . . . . . . . . . . . . . . . 1 . . . . . . . . . . . Best Kill Streak 28 | 2 3 3 4 4 4 11 4 11 1 4 . 5 3 1 5 3 4 . 4 7 5 4 5 4 4 10 28 16 5 12 8 6 Combat Bots Only 24 | . 3 3 3 4 3 9 3 8 1 4 . 5 3 1 2 3 4 . 4 5 4 4 4 4 3 7 24 12 4 11 5 6 Max Kills in Single Turn 5 | 1 2 1 2 2 2 5 2 2 1 1 . 4 1 1 3 2 1 . 1 2 1 1 1 3 2 1 3 3 1 1 2 1 Gunslinging 1 | . 1 . 1 1 . . . . . . . . . . . . . . . . . . . . . . . . . . . . Exploded 4 | . . . . . 2 3 2 2 . 1 . 4 . . 2 1 1 . . . . . . . 1 . 1 . . . . . Melee 1 | . . . . . . . 1 . . . . . . . . . . . . . 1 . . . . . . . . . . . Uniques/NPCs Destroyed 9 | . . . . . . . . . . . . . . . . . . . . . . . . . . . . . . . 2 7 MAIN.C Shell (-1/Command) MAIN.C (-1/Command) A8 (-1/Access_0) A6 (-1/Access_0) A5 (-1/Access_0) A2 (-1/Access_0) A4 (-1/Access_0) Architect (-1/Access_0) A3 (-1/Access_0) Combat | -11 -10 -10 -9 -9 -8 -8 -8 -6 -6 -6 -6 -5 -5 -5 -5 -5 -5 -5 -4 -4 -4 -4 -4 -4 -3 -3 -3 -2 -2 -1 -1 -1 -------- Run | Yrd Mat Min Mat Min Mat Sto Rec Fac Low Low Dat Pro Fac Was Fac Upp Upp Zhi Pro Fac Ext Cet Arc Hub Res Qua Frg Res Tes Acc Com Ac0 Hostile Shots Fired 3206 | . 42 14 178 30 111 49 37 325 76 90 . 45 19 . 67 92 57 . 47 172 166 23 6 121 82 66 546 60 39 29 184 433 Missed 1141 | . 16 3 45 5 27 16 6 118 17 28 . 18 8 . 27 30 21 . 16 67 53 8 2 36 28 15 184 21 14 16 77 219 Intercepted 3 | . . . . . . . . . . . . . . . . . . . . . . . . . . . 3 . . . . . Hits 2065 | . 26 11 133 25 84 33 31 207 59 62 . 27 11 . 40 62 36 . 31 105 113 15 4 85 54 51 362 39 25 13 107 214 Melee 52 | . . . 7 . . 3 . . . . . 1 . . . . . . . 4 3 . . . 2 . 25 1 . . . 6 Projectile 2013 | . 26 11 126 25 84 30 31 207 59 62 . 26 11 . 40 62 36 . 31 101 110 15 4 85 52 51 337 38 25 13 107 208 AOE 16 | . . . . . . . . . . . . . . . 2 . . . . 2 . . . . . . 3 . . . 9 . Critical Strikes 140 | . . . 2 . 7 3 2 8 1 . . 1 . . 2 4 2 . 1 9 8 2 . 7 . 5 53 1 2 1 4 15 Actively Blocked 37 | . . . . . . . . . . . . . . . . . . . . . . . . . . 2 33 1 . . 1 . Part Disruptions 2 | . . . . . . . . . . . . . . . . . . . . . . . . . . . . . 1 . . 1 Damage Taken 36265 | . 324 159 1692 189 1077 518 683 2557 690 581 . 494 192 . 908 1296 636 . 468 1657 2454 406 104 2073 1190 694 8400 984 177 164 2199 3299 Core 3208 | . 87 32 207 19 102 77 86 234 11 24 . 32 . . 33 75 77 . 30 83 81 30 . 66 47 52 800 336 18 26 142 401 Absorbed by Shields 8504 | . . . . 76 92 . . 336 . . . . . . . . 28 . 62 936 188 . . . 39 714 1847 98 68 126 680 3214 Reduced by Siege Mode 82 | . . . . . . . . . . . . . . . . . . . . . . . . . . 55 17 . . . . 10 Redirected to Core 400 | . . . . . . . . . . . . . . . . . . . . . . . . . . . 98 292 10 . . . Ignored by Resistances 2420 | . . . . . . . . . . . . . . . 27 . . . . . . . . 5 . . 1338 18 305 . 727 . Regen/Repaired (Parts) 20978 | . . . 206 . 99 . 146 1332 632 521 . 91 . 97 625 1012 584 30 331 895 2093 303 524 281 1774 314 4331 925 1174 9 1723 926 Core Remaining (%) 63 | 100 . 52 . 43 . . 51 . . . . 64 . . . . . . 78 . . . . 77 . . 28 . 75 . . 70 Volleys Fired 2194 | 4 42 14 108 21 74 22 92 87 51 29 . 30 15 54 60 70 37 2 37 99 110 14 24 43 32 92 383 48 56 26 150 268 Largest 2 | 2 2 2 2 2 2 2 2 2 1 1 . 1 1 1 1 1 1 1 1 1 2 1 1 1 1 1 1 1 1 1 1 1 Hottest 220 | 40 60 100 79 46 48 46 110 220 220 134 . 70 70 157 82 82 72 72 72 47 127 127 127 91 91 91 181 74 140 74 142 142 Shots Fired 2526 | 8 74 26 216 42 146 41 155 93 51 29 . 28 15 54 60 70 37 2 37 99 109 13 24 43 32 92 384 48 56 26 149 267 Gun 697 | 8 50 24 216 42 144 38 148 18 7 . . . . . . . . . . . 2 . . . . . . . . . . . Cannon 1770 | . 24 . . . . . 7 68 44 14 . 9 15 54 50 69 37 2 37 99 107 13 24 43 32 92 384 48 56 26 149 267 Launcher 57 | . . . . . 2 3 . 7 . 15 . 19 . . 10 1 . . . . . . . . . . . . . . . . Special 2 | . . 2 . . . . . . . . . . . . . . . . . . . . . . . . . . . . . . Kinetic 1654 | 8 74 24 194 42 144 38 2 5 39 14 . 9 15 47 49 23 . . . 50 92 . 18 43 24 92 367 32 39 . 113 57 Thermal 432 | . . 2 22 . . . 7 55 3 . . . . 7 . . . . . 33 17 . . . 4 . 17 . 17 26 12 210 Explosive 12 | . . . . . 2 3 . 7 . . . . . . . . . . . . . . . . . . . . . . . . Electromagnetic 428 | . . . . . . . 146 26 9 15 . 19 . . 11 47 37 2 37 16 . 13 6 . 4 . . 16 . . 24 . Robot Hit Streak 32 | 3 9 8 19 13 29 19 15 7 6 9 . 6 4 21 12 11 11 13 7 9 15 5 6 9 5 24 28 32 22 29 12 18 Robot Miss Streak 6 | 1 3 1 5 3 4 1 4 5 3 1 . 3 1 6 3 3 4 . 3 4 3 4 2 4 2 3 5 1 1 2 3 4 Penetration Max 2 | . . . . . . . . . . . . . . . 1 1 . . . . . . . 1 . . 2 2 . . 1 1 Secondary Targets 12 | . 2 1 3 2 1 2 . 1 . . . . . . . . . . . . . . . . . . . . . . . . Max Gunslinging Chain 1 | . 1 1 1 1 1 1 . 1 . . . . . . . . . . . . . . . . . . . . . . . . Capacitor 271 | . . . . . . . . . . . . . . . . . . . . . . . . . . . . . 3 26 33 209 Shots Hit Robots 1625 | 5 44 19 162 28 114 37 109 53 25 18 . 13 10 33 41 50 24 2 24 50 70 7 16 19 14 42 259 25 38 12 93 169 Core Hits 804 | 3 17 10 58 14 50 26 46 61 8 14 . 25 4 6 33 31 11 1 12 19 21 4 8 17 7 17 119 21 13 6 45 77 Critical Kills 15 | . . . 3 . 2 . . 1 . . . . . . . . . . . . . . . . . . 3 1 1 . 2 2 Critical Parts Destroyed 29 | . 1 1 2 . 1 2 1 2 . 2 . . . . . . . . . . . . . . 1 3 4 3 3 1 . 2 Critical Strikes 62 | . 2 1 5 . 3 2 5 3 2 2 . . . . . 1 . . . . . . . . 1 3 11 4 4 1 7 5 Meltdown 5 | . . . . . . . . . . . . . . . . . . . . . . . . . . . 3 . . . . 2 Destroy 45 | . 1 1 5 . 3 2 . 3 1 2 . . . . . . . . . . . . . . 1 3 8 4 4 1 3 3 Blast 4 | . 1 . . . . . . . . . . . . . . . . . . . . . . . . . . . . . 3 . Corrupt 7 | . . . . . . . 4 . 1 . . . . . . 1 . . . . . . . . . . . . . . 1 . Smash 1 | . . . . . . . 1 . . . . . . . . . . . . . . . . . . . . . . . . . Melee Attacks 16 | . . . . . . 4 10 2 . . . . . . . . . . . . . . . . . . . . . . . . Impact 16 | . . . . . . 4 10 2 . . . . . . . . . . . . . . . . . . . . . . . . Slashing . | . . . . . . . . . . . . . . . . . . . . . . . . . . . . . . . . . Piercing . | . . . . . . . . . . . . . . . . . . . . . . . . . . . . . . . . . Sneak Attacks 3 | . . . . . . . 3 . . . . . . . . . . . . . . . . . . . . . . . . . Combat Hostiles . | . . . . . . . . . . . . . . . . . . . . . . . . . . . . . . . . . Follow-up Attacks . | . . . . . . . . . . . . . . . . . . . . . . . . . . . . . . . . . Damage Inflicted 196676 | 59 683 327 2699 452 2100 1579 2969 3391 1260 905 . 1280 544 1748 2673 3708 2209 113 1519 5224 11252 1370 2796 3596 2862 8390 67246 6671 6976 2849 15754 31472 Guns 8511 | 59 476 282 2629 444 1832 548 1916 204 99 . . . . . . . . . . . 22 . . . . . . . . . . . Cannons 178395 | . 185 . . . . . 130 1261 1161 459 . 237 544 1748 1653 3032 1978 113 1519 4963 11142 1370 2796 3194 2277 8317 67132 6133 6976 2849 15754 31472 Explosions 8400 | . . . . . 202 982 400 1876 . 446 . 1043 . . 911 676 231 . . 261 24 . . 378 318 . 114 538 . . . . Melee 622 | . . . . . . 49 523 50 . . . . . . . . . . . . . . . . . . . . . . . . Ramming 748 | . 22 45 70 8 66 . . . . . . . . . 109 . . . . . 64 . . 24 267 73 . . . . . . Kinetic 133866 | 59 661 282 2405 444 1832 548 29 78 1018 459 . 237 544 1588 1653 1141 . . . 2364 9426 . 1804 3194 1773 8317 64581 4377 4663 . 13678 6711 Thermal 41483 | . . . 224 . . . 496 1374 71 . . 56 . 160 578 243 231 . . 1846 1738 . . . 359 . 2551 . 2313 2849 1633 24761 Explosive 3617 | . . . . . 202 982 . 1300 . . . . . . . . . . . 163 . . . . 318 . 114 538 . . . . Electromagnetic 16340 | . . . . . . . 1921 589 171 446 . 987 . . 333 2324 1978 113 1519 851 24 1370 992 378 145 . . 1756 . . 443 . Impact 622 | . . . . . . 49 523 50 . . . . . . . . . . . . . . . . . . . . . . . . Slashing . | . . . . . . . . . . . . . . . . . . . . . . . . . . . . . . . . . Piercing . | . . . . . . . . . . . . . . . . . . . . . . . . . . . . . . . . . Highest Corruption 19 | . . . . . . . . 1 7 7 7 11 . . 1 1 1 1 4 9 14 14 14 5 4 8 10 2 4 . 19 3 Average Corruption 4 | . . . . . . . . 1 3 7 7 7 . . 1 1 1 1 3 6 10 14 8 4 3 5 5 1 3 . 5 2 Corruption Purged 60 | . . . . . . . . 1 . . . . . . . . . . . . . . 21 . . . 7 . . . 31 . Corruption Blocked . | . . . . . . . . . . . . . . . . . . . . . . . . . . . . . . . . . Effects 486 | . . . . . . . . . 35 38 1 36 . . 4 17 9 1 42 11 71 22 15 1 11 29 78 1 13 . 20 31 Message Errors 117 | . . . . . . . . . 12 10 . 13 . . 2 5 1 . 13 5 16 7 2 . 1 9 11 . 2 . 2 6 Matter Fused 119 | . . . . . . . . . 6 7 1 7 . . 1 6 4 1 11 1 15 2 6 . 2 10 22 . 5 . 5 7 Heat Flow Errors 57 | . . . . . . . . . 6 2 . 3 . . . 2 3 . 6 1 12 4 1 . 1 2 7 1 . . 2 4 Energy Discharges 61 | . . . . . . . . . 5 7 . 3 . . . 1 1 . 6 . 12 2 2 . 2 3 11 . 1 . 1 4 Parts Rejected 9 | . . . . . . . . . . . . . . . . 1 . . . 1 1 3 . . . 1 1 . . . . 1 Parts Fused 4 | . . . . . . . . . 1 1 . . . . . . . . . . 1 . . . . . . . . . 1 . Data Loss (minor) 55 | . . . . . . . . . 2 4 . 2 . . . . . . 6 2 5 . 1 . 4 2 16 . 2 . 4 5 Data Loss (major) 34 | . . . . . . . . . 2 5 . 5 . . 1 1 . . . 1 5 . 2 . 1 2 5 . 1 . 1 2 Misfires 6 | . . . . . . . . . . 1 . . . . . . . . . . . . . . . . 3 . 1 . 1 . Alerts 7 | . . . . . . . . . 1 . . 1 . . . 1 . . . . 1 . 1 1 . . . . . . . 1 Misdirections 4 | . . . . . . . . . . . . . . . . . . . . . . 3 . . . . . . . . 1 . Weapon Failures 13 | . . . . . . . . . . 1 . 2 . . . . . . . . 3 1 . . . . 2 . 1 . 2 1 Overload Shots . | . . . . . . . . . . . . . . . . . . . . . . . . . . . . . . . . . Overflow Damage 33747 | . . . . . 5 21 213 183 76 32 . 65 68 . 136 386 208 . 109 769 1927 54 722 612 538 2144 12098 1568 2379 826 5206 3402 Projectiles 33071 | . . . . . . . 12 40 76 32 . 39 68 . 111 327 208 . 109 769 1904 54 722 580 476 2138 12098 1495 2379 826 5206 3402 Explosions 413 | . . . . . 5 . 37 143 . . . 26 . . 25 59 . . . . . . . 32 13 . . 73 . . . . Melee 263 | . . . . . . 21 164 . . . . . . . . . . . . . 23 . . . 49 6 . . . . . . Knockbacks 226 | . 7 1 . . 1 . . . 10 1 . 3 4 . 9 4 . . . 10 22 . 2 4 4 4 78 4 15 . 23 20 Impact 4 | . . 1 . . 1 . . . . . . . . . . . . . . . 1 . . . 1 . . . . . . . Kinetic 205 | . 7 . . . . . . . 10 1 . 3 4 . 9 4 . . . 8 19 . 2 3 3 4 70 3 15 . 20 20 Secondary 17 | . . . . . . . . . . . . . . . . . . . . 2 2 . . 1 . . 8 1 . . 3 . Self-Inflicted Damage 1069 | . . . . . 13 1 107 455 . . . 31 . . . 80 . . . 62 . . . 195 125 . . . . . . . Shots 21 | . . . . . . 1 3 7 . . . 4 . . . 2 . . . 1 . . . 2 1 . . . . . . . Rammed 36 | . 3 6 8 3 8 . . . . . . . . . . . . . . . . . . 3 3 2 . . . . . . Targets Rammed 58 | . 3 6 13 3 8 . . . . . . . . . 10 . . . . . 3 . . 3 5 4 . . . . . . Kicked 13 | . . . . . . . . . . . . . . . 10 . . . . . 3 . . . . . . . . . . . Crushed 9 | . . . 5 . . . . . . . . . . . . . . . . . . . . . 2 2 . . . . . . Highest Temperature 396 | . 63 28 258 16 123 21 301 173 396 352 . 208 288 286 88 344 304 22 249 351 265 320 349 140 276 330 331 191 161 193 255 203 Average Temperature 93 | . 25 14 53 4 21 10 64 44 139 119 . 71 123 45 38 111 129 22 63 33 97 108 111 45 102 69 93 44 51 83 142 127 Received Heat Transfer 5471 | . 162 87 510 66 503 189 286 646 30 108 . 126 54 . 159 405 204 . 42 442 228 . 18 288 17 24 586 120 9 2 76 84 Thermoelectric Energy+ 8115 | . . . . . . . . . . . . . . . . . . . . . . . . . . . 919 . . . 2717 4479 Effects 56 | . . . . . . . . . 9 1 . . 2 1 . 3 . . . . 6 . 1 . 2 . 4 . . . 20 7 Shutdowns 1 | . . . . . . . . . 1 . . . . . . . . . . . . . . . . . . . . . . . Energy Bleed 14 | . . . . . . . . . 2 1 . . 2 1 . 1 . . . . . . . . 1 . 3 . . . 3 . Interference 39 | . . . . . . . . . 4 . . . . . . 2 . . . . 6 . 1 . 1 . 1 . . . 17 7 Matter Decay 1 | . . . . . . . . . 1 . . . . . . . . . . . . . . . . . . . . . . . Short Circuit 1 | . . . . . . . . . 1 . . . . . . . . . . . . . . . . . . . . . . . Siege Activations 8 | . . . . . . . . . . . . . . . . . . . . 1 . . . . . 2 4 . . . . 1 Total Turns 140 | . . . . . . . . . . . . . . . . . . . . 10 . . . . . 71 50 . . . . 9 Longest Duration 49 | . . . . . . . . . . . . . . . . . . . . 10 . . . . . 49 16 . . . . 9 Martial Activations . | . . . . . . . . . . . . . . . . . . . . . . . . . . . . . . . . . Shielding Activations . | . . . . . . . . . . . . . . . . . . . . . . . . . . . . . . . . . Robots Disrupted . | . . . . . . . . . . . . . . . . . . . . . . . . . . . . . . . . . Combat Hostiles . | . . . . . . . . . . . . . . . . . . . . . . . . . . . . . . . . . Robots Corrupted 45 | . . . . . . . 5 3 1 1 . 1 . . 2 5 10 . 2 1 2 4 2 . . . 3 . . . 3 . Combat Hostiles 35 | . . . . . . . 2 3 1 1 . 1 . . 2 4 9 . 2 . . 4 2 . . . 2 . . . 2 . Parts Fried 160 | . . . . . . . 19 3 2 3 . 4 . . 2 17 16 . 14 9 3 15 17 2 2 . 4 16 . . 12 . Impact Corruptions 29 | . . . . . . 1 5 1 . . . . . . . . . . . 2 3 . . . 2 1 9 2 . . 3 . Robots Melted 5 | . . . . . . . . . . . . . . . . . . . . . . . . . . . 3 . . . . 2 Combat Hostiles 5 | . . . . . . . . . . . . . . . . . . . . . . . . . . . 3 . . . . 2 Parts Melted 15 | . . . 3 . . . 1 . . . . . . . . . . . . . 1 . . . . . 2 . . . 1 7 Heat Transferred 7188 | . . . 481 . . . 350 1550 50 . . . . 111 400 200 200 . . 50 420 . . . 74 . 600 . 388 518 259 1537 Parts Sabotaged 2 | . . . . . . . . . . . . . . . . . . . . . 2 . . . . . . . . . . . Parts Stolen . | . . . . . . . . . . . . . . . . . . . . . . . . . . . . . . . . . Parts Stripped . | . . . . . . . . . . . . . . . . . . . . . . . . . . . . . . . . . Power Chain Reactions 19 | . . . . . . . 6 1 . . . 4 . . . 4 2 . . 1 1 . . . . . . . . . . . Alert | -11 -10 -10 -9 -9 -8 -8 -8 -6 -6 -6 -6 -5 -5 -5 -5 -5 -5 -5 -4 -4 -4 -4 -4 -4 -3 -3 -3 -2 -2 -1 -1 -1 ------- Run | Yrd Mat Min Mat Min Mat Sto Rec Fac Low Low Dat Pro Fac Was Fac Upp Upp Zhi Pro Fac Ext Cet Arc Hub Res Qua Frg Res Tes Acc Com Ac0 Maximum Alert Level 5 | . . . 1 . 1 1 . 2 . . . . 1 . 1 . . . . 2 2 1 . 3 2 2 5 5 3 2 3 . Low Security (%) 48 | 100 100 100 55 100 71 45 100 20 . . . . 95 100 82 . . . . 40 14 . 100 34 . . 1 . . . . . Level 1 18 | . . . 44 . 28 54 . 58 . . . . 4 . 17 . . . . 26 38 100 . . 2 95 1 . 36 28 2 . Level 2 11 | . . . . . . . . 21 . . . . . . . . . . . 33 46 . . 49 97 4 15 . 56 71 12 . Level 3 14 | . . . . . . . . . . . . . . . . . . . . . . . . 15 . . 14 . 6 . 85 . Level 4 2 | . . . . . . . . . . . . . . . . . . . . . . . . . . . 18 42 . . . . Level 5 4 | . . . . . . . . . . . . . . . . . . . . . . . . . . . 48 57 . . . . High Security . | . . . . . . . . . . . . . . . . . . . . . . . . . . . . . . . . . Max Security . | . . . . . . . . . . . . . . . . . . . . . . . . . . . . . . . . . Peak Influence 3528 | 5 116 183 247 136 256 282 146 447 . . . . 207 67 323 . . . . 460 606 382 190 1069 587 414 3528 1978 1037 596 890 . Initial 1978 | . . 23 22 86 17 87 56 134 . . . . 157 65 . . . . . . 182 324 123 . 495 282 198 1978 1037 272 380 . Average 339 | 1 31 45 153 33 174 186 56 299 . . . . 166 10 70 . . . . 256 347 330 29 453 514 338 1588 1675 446 467 564 . Influence Increases 20131 | 10 420 202 932 282 819 371 458 965 130 165 . 310 260 26 736 450 520 5 245 716 1280 183 184 1261 480 544 4063 1087 530 364 1302 831 Destroy 0b10 Robot/C 10020 | . 200 180 600 220 540 220 180 400 120 140 . 240 100 . 200 300 300 . 200 340 640 160 80 180 180 280 2500 320 240 220 740 . Destroy 0b10 Robot/NC 855 | 10 5 . 50 . 30 20 165 30 . 5 . 25 . . 45 15 10 5 5 45 40 . 45 25 15 40 80 45 20 5 75 . Destroy Leader 1574 | . 60 10 156 40 144 50 . 90 10 20 . 30 . . 62 30 30 . 40 70 84 . . 62 30 44 220 78 42 10 162 . Allied During Kill 398 | . . 8 . 22 34 3 . . . . . . . . . . . . . . 331 . . . . . . . . . . . Trap Triggered on 0b10 10 | . . . . . . . . . . . . . . . . . . . . . . . . . . . . 10 . . . . Successful Hack 750 | . 45 3 51 . 34 15 36 27 . . . . . . 68 . . . . 64 . . . 8 83 39 . 123 24 33 97 . Select Force Hacks 230 | . 60 . 60 . . . 60 . . . . . . . . . . . . . . . . 50 . . . . . . . . Disable Machine 1875 | . . . 15 . 15 . . 165 . . . . . . 225 . . . . 30 60 15 45 420 75 60 300 45 90 15 75 225 Destroy Structure 3224 | . 5 1 . . 22 33 17 153 . . . . 10 26 76 . . . . 122 110 8 14 516 82 66 918 226 69 51 93 606 Advance Influence 250 | . . . . . . . . 100 . . . . 150 . . . . . . . . . . . . . . . . . . . Partial Spotted 135 | . . . . . . . . . . . . . . . . . . . . 30 . . . . 15 15 . 30 30 . 15 . Lose Combat Pursuer 810 | . 45 . . . . 30 . . . . . 15 . . 60 105 180 . . 15 15 . . . . . 45 210 15 30 45 . Influence Decreases 19300 | 10 360 205 766 459 657 433 521 631 547 165 . 298 85 213 432 575 603 101 245 342 1074 454 493 317 921 695 897 2760 1920 223 948 950 Entered New Map 6181 | . . 37 35 137 29 121 90 49 156 . . . 5 122 . 114 35 96 . . 192 256 186 . 449 221 154 1540 808 183 216 950 Time Decay 10021 | 10 360 168 701 322 568 262 431 522 391 165 . 298 80 71 324 461 568 5 245 342 592 198 307 167 302 464 703 170 362 40 422 . Lost Part 160 | . . . 30 . . 10 . 40 . . . . . . . . . . . . 10 . . . 20 10 40 . . . . . Lost Ally 430 | . . . . . 60 40 . 20 . . . . . 20 . . . . . . 280 . . . . . . . . . 10 . Purge Threat 2508 | . . . . . . . . . . . . . . . 108 . . . . . . . . 150 150 . . 1050 750 . 300 . Squads Dispatched 83 | . 3 . 2 1 3 2 . 6 . . . . . . 3 . . . . 3 4 . . 9 7 4 20 5 3 . 8 . Investigation 15 | . 2 . 2 1 1 . . 1 . . . . . . 1 . . . . . . . . 6 . . . 1 . . . . Extermination 30 | . . . . . . . . 2 . . . . . . 2 . . . . 2 . . . 2 . 4 7 2 3 . 6 . Reinforcement 18 | . 1 . . . 2 . . 2 . . . . . . . . . . . 1 3 . . 1 7 . . 1 . . . . Assault 20 | . . . . . . 2 . 1 . . . . . . . . . . . . 1 . . . . . 13 1 . . 2 . Garrison . | . . . . . . . . . . . . . . . . . . . . . . . . . . . . . . . . . Intercept . | . . . . . . . . . . . . . . . . . . . . . . . . . . . . . . . . . Searches Triggered . | . . . . . . . . . . . . . . . . . . . . . . . . . . . . . . . . . Unchained Authorized 2 | . . . . . . . . . . . . . . . . . . . . . . . . . . . . 1 1 . . . Data Miner Redirects 2 | . . . . . . . . . . . . . . . . . . . . . . . . . . . 1 . . . 1 . Construction Impeded 1 | . . . . . . . . . . . . . . . . . . . . . 1 . . . . . . . . . . . Haulers Reinforced 2 | . . . . . . . . . . . . . . . . . . . . . . . . . 2 . . . . . . . Active Scanning Responses . | . . . . . . . . . . . . . . . . . . . . . . . . . . . . . . . . . Cargo Convoy Interrupts 2 | . . . . . . . . . . . . . . . 1 . . . . 1 . . . . . . . . . . . . Stealth | -11 -10 -10 -9 -9 -8 -8 -8 -6 -6 -6 -6 -5 -5 -5 -5 -5 -5 -5 -4 -4 -4 -4 -4 -4 -3 -3 -3 -2 -2 -1 -1 -1 --------- Run | Yrd Mat Min Mat Min Mat Sto Rec Fac Low Low Dat Pro Fac Was Fac Upp Upp Zhi Pro Fac Ext Cet Arc Hub Res Qua Frg Res Tes Acc Com Ac0 Distress Signals 56 | . 1 1 2 . 1 1 1 . . . . . . . 3 . . . . 5 4 2 . 2 7 1 . 1 1 . 23 . Communications Jammed 21 | . . . . . . . . . . . . . . . . . . . . 20 . . . . . . . . 1 . . . Distress Signals 21 | . . . . . . . . . . . . . . . . . . . . 20 . . . . . . . . 1 . . . Times Spotted 799 | . 22 4 53 9 42 17 8 26 6 6 . 15 5 7 21 21 22 . 11 46 37 10 9 33 16 20 140 36 19 15 52 71 Peak Tracking Total 17 | . 5 2 6 3 5 12 3 9 1 6 . 5 3 3 5 7 5 . 4 11 5 5 2 17 6 6 12 14 4 7 5 5 Tactical Retreats 42 | . 3 . . . . 2 . . . 1 . 1 . 1 2 4 5 . . 7 1 . . 2 . . 3 5 1 1 3 . ECM-based Alert Blocks 19 | . . . . . . . . . . . . . . . . . . . . 12 . . . 4 . . . . . . 3 . Traps | -11 -10 -10 -9 -9 -8 -8 -8 -6 -6 -6 -6 -5 -5 -5 -5 -5 -5 -5 -4 -4 -4 -4 -4 -4 -3 -3 -3 -2 -2 -1 -1 -1 ------- Run | Yrd Mat Min Mat Min Mat Sto Rec Fac Low Low Dat Pro Fac Was Fac Upp Upp Zhi Pro Fac Ext Cet Arc Hub Res Qua Frg Res Tes Acc Com Ac0 Traps Triggered 36 | . . . . . 2 . . . . . . . 2 . 1 . . . . 4 2 . . 1 1 2 15 2 1 . 3 . Indirectly 1 | . . . . . . . . . . . . . . . . . . . . . . . . 1 . . . . . . . . Trap Hack Attempts . | . . . . . . . . . . . . . . . . . . . . . . . . . . . . . . . . . Triggered . | . . . . . . . . . . . . . . . . . . . . . . . . . . . . . . . . . Disarmed . | . . . . . . . . . . . . . . . . . . . . . . . . . . . . . . . . . Reprogrammed 6 | . . . . . . . . . . . . . . . . . . . . . . . . . . . . 6 . . . . Reused 1 | . . . . . . . . . . . . . . . . . . . . . . . . . . . . 1 . . . . Traps Extracted . | . . . . . . . . . . . . . . . . . . . . . . . . . . . . . . . . . Installed . | . . . . . . . . . . . . . . . . . . . . . . . . . . . . . . . . . Triggered 1 | . . . . . . . . . . . . . . . . . . . . . . . . . . . . 1 . . . . Machines | -11 -10 -10 -9 -9 -8 -8 -8 -6 -6 -6 -6 -5 -5 -5 -5 -5 -5 -5 -4 -4 -4 -4 -4 -4 -3 -3 -3 -2 -2 -1 -1 -1 ---------- Run | Yrd Mat Min Mat Min Mat Sto Rec Fac Low Low Dat Pro Fac Was Fac Upp Upp Zhi Pro Fac Ext Cet Arc Hub Res Qua Frg Res Tes Acc Com Ac0 Machines Disabled 138 | . . . 1 . 1 . 1 11 1 . . . . . 15 1 . . . 2 5 1 3 28 5 4 25 3 6 1 5 19 Max in Single Turn 15 | . . . 1 . 1 . 1 4 1 . . . . . 10 1 . . . 1 1 1 1 15 1 1 1 1 1 1 1 1 Garrison Access 3 | . . . . . . . . . . . . . . . 1 . . . . . . . . . . . 1 . 1 . . . Network Hub 3 | . . . . . . . . . . . . . . . . . . . . . . . . 3 . . . . . . . . Energy Cycler 1 | . . . . . . . . . . . . . . . . . . . . . 1 . . . . . . . . . . . Machines Repaired . | . . . . . . . . . . . . . . . . . . . . . . . . . . . . . . . . . Machines Dismantled . | . . . . . . . . . . . . . . . . . . . . . . . . . . . . . . . . . Machines Sabotaged 1 | . . . . . . . . . . . . . . . . . . . . . . . . 1 . . . . . . . . Overloaded Fab Kills . | . . . . . . . . . . . . . . . . . . . . . . . . . . . . . . . . . Hacking | -11 -10 -10 -9 -9 -8 -8 -8 -6 -6 -6 -6 -5 -5 -5 -5 -5 -5 -5 -4 -4 -4 -4 -4 -4 -3 -3 -3 -2 -2 -1 -1 -1 --------- Run | Yrd Mat Min Mat Min Mat Sto Rec Fac Low Low Dat Pro Fac Was Fac Upp Upp Zhi Pro Fac Ext Cet Arc Hub Res Qua Frg Res Tes Acc Com Ac0 Machines Accessed 154 | . 9 1 16 2 9 6 12 5 . . 4 . . . 8 2 . 8 . 10 2 1 . 6 6 9 2 10 12 1 11 2 Terminals 97 | . 7 1 12 1 6 6 6 2 . . . . . . 5 1 . . . 3 2 1 . 6 4 7 1 8 8 1 9 . Fabricators 4 | . . . . . . . . . . . . . . . 1 . . . . 1 . . . . . . . 1 1 . . . Repair Stations 4 | . . . 1 . 1 . . 2 . . . . . . . . . . . . . . . . . . . . . . . . Recycling Units 14 | . 2 . 2 . . . 4 . . . . . . . . . . . . 3 . . . . 1 . . . . . 2 . Scanalyzers 13 | . . . 1 . 2 . . 1 . . . . . . 1 . . . . 2 . . . . 1 2 . 1 2 . . . Garrison Access 4 | . . . . . . . . . . . . . . . 1 . . . . 1 . . . . . . 1 . 1 . . . Total Hacks 572 | . 33 1 42 3 28 15 63 11 . . 28 . . . 24 5 . 47 . 17 2 1 . 25 29 22 2 57 49 4 45 19 Successful 377 | . 19 1 26 2 17 9 49 4 . . 28 . . . 14 5 . 47 . 5 . . . 11 16 7 2 34 30 3 29 19 Failed 191 | . 13 . 16 1 10 6 13 7 . . . . . . 10 . . . . 12 2 1 . 14 12 15 . 23 19 1 16 . Catastrophic 40 | . . . 2 1 . . 2 1 . . . . . . 3 . . . . 3 2 . . 5 1 6 . 5 8 . 1 . Database Lockouts 4 | . 1 . . . 1 . 1 . . . . . . . . . . . . . . . . . 1 . . . . . . . Manual 274 | . 25 1 25 2 14 12 21 2 1 . . . . . 8 . . . . . 2 . . 24 11 8 . 42 37 2 37 . Terminals 341 | . 30 1 32 2 18 15 21 3 . . . . . . 17 4 . . . 4 2 1 . 25 11 15 1 55 44 4 36 . Fabricators 6 | . . . . . . . . . . . . . . . 3 . . . . 1 . . . . . . . 1 1 . . . Repair Stations 11 | . . . 5 . 3 . . 3 . . . . . . . . . . . . . . . . . . . . . . . . Recycling Units 41 | . 3 . 3 . . . 16 . . . . . . . . . . . . 4 . . . . 6 . . . . . 9 . Scanalyzers 46 | . . . 2 . 7 . . 5 . . . . . . 2 . . . . 7 . . . . 12 7 . 1 3 . . . Garrison Access 5 | . . . . . . . . . . . . . . . 2 . . . . 1 . . . . . . 1 . 1 . . . Terminal Hacks 204 | . 6 . 9 1 3 3 32 . . . 28 . . . 4 5 . 47 . 1 . . . 2 3 1 1 18 12 2 7 19 Record 91 | . . . . . . . 24 . . . 11 . . . . 4 . 35 . . . . . . . . . . . . . 17 Part Schematic 17 | . 1 . 1 . . . 3 . . . 8 . . . . . . 4 . . . . . . . . . . . . . . Robot Schematic 6 | . . . . . . . . . . . 6 . . . . . . . . . . . . . . . . . . . . . Robot Analysis 8 | . 1 . 1 . . 1 1 . . . . . . . . . . 4 . . . . . . . . . . . . . . Prototype ID Bank 15 | . 2 . 4 . . . 2 . . . 3 . . . . . . 4 . . . . . . . . . . . . . . Open Door 3 | . . . . 1 . 1 . . . . . . . . . 1 . . . . . . . . . . . . . . . . Branch Access Points 3 | . . . . . . . . . . . . . . . 1 . . . . . . . . . . . . 1 . 1 . . Emergency Access Points 1 | . . . . . . . . . . . . . . . . . . . . . . . . . . . . . 1 . . . Machine Index 1 | . . . . . . . . . . . . . . . . . . . . . . . . . . . . . . . 1 . Terminal Index 5 | . . . . . 1 . . . . . . . . . . . . . . . . . . . . 1 . 1 1 . 1 . Scanalyzer Index 1 | . . . . . . . . . . . . . . . 1 . . . . . . . . . . . . . . . . . Alert Level 10 | . . . . . 1 . . . . . . . . . . . . . . . . . . . 1 . . 3 3 1 1 . Unreport Threat 17 | . . . . . . . . . . . . . . . 1 . . . . . . . . 1 1 . . 7 5 . 2 . Locate Traps 5 | . 1 . . . . . . . . . . . . . . . . . . . . . . . . . . 2 1 . 1 . Reprogram Traps 1 | . . . . . . . . . . . . . . . . . . . . . . . . . . . . 1 . . . . Recall Investigation 1 | . . . 1 . . . . . . . . . . . . . . . . . . . . . . . . . . . . . Recall Assault 1 | . . . . . . . . . . . . . . . . . . . . . . . . . . . . 1 . . . . Zone Layout 13 | . 1 . 2 . 1 1 . . . . . . . . 1 . . . . 1 . . . 1 1 . . 2 1 . 1 . Proto ID Catalog 1 | . . . . . . . . . . . . . . . . . . . . . . . . . . . 1 . . . . . Release Object 2 | . . . . . . . 2 . . . . . . . . . . . . . . . . . . . . . . . . . Gate Test 138-A 1 | . . . . . . . . . . . . . . . . . . . . . . . . . . . . . . . . 1 Gate Test 138-B 1 | . . . . . . . . . . . . . . . . . . . . . . . . . . . . . . . . 1 Fabricator Hacks 4 | . . . . . . . . . . . . . . . 2 . . . . 1 . . . . . . . . 1 . . . Load Schematic 1 | . . . . . . . . . . . . . . . 1 . . . . . . . . . . . . . . . . . Build 3 | . . . . . . . . . . . . . . . 1 . . . . 1 . . . . . . . . 1 . . . Repair Station Hacks 7 | . . . 4 . 2 . . 1 . . . . . . . . . . . . . . . . . . . . . . . . Scan Component 4 | . . . 2 . 1 . . 1 . . . . . . . . . . . . . . . . . . . . . . . . Repair 3 | . . . 2 . 1 . . . . . . . . . . . . . . . . . . . . . . . . . . . Recycling Unit Hacks 3 | . . . . . . . 2 . . . . . . . . . . . . . . . . . 1 . . . . . . . Retrieve Components 3 | . . . . . . . 2 . . . . . . . . . . . . . . . . . 1 . . . . . . . Scanalyzer 31 | . . . 2 . 5 . . 2 . . . . . . 2 . . . . 3 . . . . 8 5 . 1 3 . . . Insert Component 12 | . . . 1 . 2 . . . . . . . . . 1 . . . . 2 . . . . 3 1 . . 2 . . . Analyze 5 | . . . . . . . . . . . . . . . 1 . . . . . . . . . 4 . . . . . . . Retrieve Study 14 | . . . 1 . 3 . . 2 . . . . . . . . . . . 1 . . . . 1 4 . 1 1 . . . Garrison Access Hacks 3 | . . . . . . . . . . . . . . . 1 . . . . . . . . . . . 1 . 1 . . . Seal Access 3 | . . . . . . . . . . . . . . . 1 . . . . . . . . . . . 1 . 1 . . . Unauthorized Hacks 125 | . 13 1 11 1 7 6 15 1 . . . . . . 5 . . . . . . . . 9 4 1 . 15 13 1 22 . Terminals 105 | . 11 1 9 1 7 6 8 1 . . . . . . 5 . . . . . . . . 9 2 1 . 15 13 1 15 . Track 24 | . 1 1 1 1 . . . 1 . . . . . . 2 . . . . . . . . 2 . . . 5 2 1 7 . Assimilate 1 | . . . . . . . . . . . . . . . . . . . . . . . . . . . . . . . 1 . Botnet 26 | . 3 . . . 1 . 3 . . . . . . . 3 . . . . . . . . 1 2 1 . 5 4 . 3 . Disrupt 6 | . 1 . . . . . . . . . . . . . . . . . . . . . . . . . . 1 . . 4 . Operators 6 | . 1 . 1 . 1 1 . . . . . . . . . . . . . . . . . . . . . 1 1 . . . Skim 36 | . 5 . 7 . 5 5 5 . . . . . . . . . . . . . . . . . . . . 3 6 . . . Sabotage 6 | . . . . . . . . . . . . . . . . . . . . . . . . 6 . . . . . . . . Fabricators . | . . . . . . . . . . . . . . . . . . . . . . . . . . . . . . . . . Repair Stations . | . . . . . . . . . . . . . . . . . . . . . . . . . . . . . . . . . Recycling Units 20 | . 2 . 2 . . . 7 . . . . . . . . . . . . . . . . . 2 . . . . . 7 . Monitor 4 | . . . . . . . 1 . . . . . . . . . . . . . . . . . 1 . . . . . 2 . Reject 3 | . . . . . . . 1 . . . . . . . . . . . . . . . . . . . . . . . 2 . Recyclers 2 | . . . . . . . 1 . . . . . . . . . . . . . . . . . . . . . . . 1 . Mask 5 | . . . . . . . 2 . . . . . . . . . . . . . . . . . 1 . . . . . 2 . Tunnel 6 | . 2 . 2 . . . 2 . . . . . . . . . . . . . . . . . . . . . . . . . Scanalyzers . | . . . . . . . . . . . . . . . . . . . . . . . . . . . . . . . . . Garrison Access . | . . . . . . . . . . . . . . . . . . . . . . . . . . . . . . . . . Data Cores Recovered 7 | . 1 . . . . . . . . . . . . . 1 . . . . 1 . . . 1 . . 1 1 . . 1 . Used 1 | . . . . . . . . . . . . . . . . . . . . . . . . . . . . . . . 1 . Hacking Detections 118 | . 7 1 13 1 9 6 9 5 . . . . . . 8 . . . . 10 2 1 . 3 4 9 . 9 9 1 11 . Full Trace Events 2 | . . . . . . . . 1 . . . . . . 1 . . . . . . . . . . . . . . . . . Feedback Events . | . . . . . . . . . . . . . . . . . . . . . . . . . . . . . . . . . Feedback Blocked . | . . . . . . . . . . . . . . . . . . . . . . . . . . . . . . . . . Robot Schematics Acquired 6 | . . . . . . . . . . . 6 . . . . . . . . . . . . . . . . . . . . . Robots Built . | . . . . . . . . . . . . . . . . . . . . . . . . . . . . . . . . . Authchips . | . . . . . . . . . . . . . . . . . . . . . . . . . . . . . . . . . Time . | . . . . . . . . . . . . . . . . . . . . . . . . . . . . . . . . . Total Robot Build Rating . | . . . . . . . . . . . . . . . . . . . . . . . . . . . . . . . . . Part Schematics Acquired 22 | . 1 . 1 . . . 3 . . . 8 . . . 1 . . 4 . . . . . . 1 . 3 . . . . . Parts Built 3 | . . . . . . . . . . . . . . . 1 . . . . 1 . . . . . . . . 1 . . . Authchips . | . . . . . . . . . . . . . . . . . . . . . . . . . . . . . . . . . Time 157 | . . . . . . . . . . . . . . . 42 . . . . 69 . . . . . . . . 46 . . . Total Part Build Rating 22 | . . . . . . . . . . . . . . . 4 . . . . 9 . . . . . . . . 9 . . . Part Studies Acquired 13 | . . . 1 . 2 . . 2 . . . . . . . . . . . 1 . . . . 1 4 . 1 1 . . . Parts Repaired 3 | . . . 2 . 1 . . . . . . . . . . . . . . . . . . . . . . . . . . . Time 90 | . . . 58 . 32 . . . . . . . . . . . . . . . . . . . . . . . . . . . Parts Recycled . | . . . . . . . . . . . . . . . . . . . . . . . . . . . . . . . . . Recycled Matter . | . . . . . . . . . . . . . . . . . . . . . . . . . . . . . . . . . Retrieved Matter . | . . . . . . . . . . . . . . . . . . . . . . . . . . . . . . . . . Retrieved Components 1 | . . . . . . . 1 . . . . . . . . . . . . . . . . . . . . . . . . . Parts Scanalyzed 2 | . . . . . . . . . . . . . . . 1 . . . . . . . . . 1 . . . . . . . Part Schematics Acquired 2 | . . . . . . . . . . . . . . . 1 . . . . . . . . . 1 . . . . . . . Parts Damaged 1 | . . . . . . . . . . . . . . . . . . . . . . . . . 1 . . . . . . . Bothacking | -11 -10 -10 -9 -9 -8 -8 -8 -6 -6 -6 -6 -5 -5 -5 -5 -5 -5 -5 -4 -4 -4 -4 -4 -4 -3 -3 -3 -2 -2 -1 -1 -1 ------------ Run | Yrd Mat Min Mat Min Mat Sto Rec Fac Low Low Dat Pro Fac Was Fac Upp Upp Zhi Pro Fac Ext Cet Arc Hub Res Qua Frg Res Tes Acc Com Ac0 Used RIF Installer . | . . . . . . . . . . . . . . . . . . . . . . . . . . . . . . . . . Robots Hacked . | . . . . . . . . . . . . . . . . . . . . . . . . . . . . . . . . . Non-combat . | . . . . . . . . . . . . . . . . . . . . . . . . . . . . . . . . . Combat . | . . . . . . . . . . . . . . . . . . . . . . . . . . . . . . . . . Robot Hacks Applied . | . . . . . . . . . . . . . . . . . . . . . . . . . . . . . . . . . Relay Couplers Released 1 | . . . . . . . . . . . . . . . . . . . . . . . . . . . 1 . . . . . Machine Destruction 1 | . . . . . . . . . . . . . . . . . . . . . . . . . . . 1 . . . . . Fabnet Peak Effective % . | . . . . . . . . . . . . . . . . . . . . . . . . . . . . . . . . . Robots Rewired 13 | . . . . . . . . . . . . . . . . . . . . . 13 . . . . . . . . . . . Allies Hacked 2 | . . . . . . . . . . . . . . . . . . . . . 2 . . . . . . . . . . . Hacks Repelled . | . . . . . . . . . . . . . . . . . . . . . . . . . . . . . . . . . Allies | -11 -10 -10 -9 -9 -8 -8 -8 -6 -6 -6 -6 -5 -5 -5 -5 -5 -5 -5 -4 -4 -4 -4 -4 -4 -3 -3 -3 -2 -2 -1 -1 -1 -------- Run | Yrd Mat Min Mat Min Mat Sto Rec Fac Low Low Dat Pro Fac Was Fac Upp Upp Zhi Pro Fac Ext Cet Arc Hub Res Qua Frg Res Tes Acc Com Ac0 Total Allies 28 | . . 3 . 3 . 2 . . . . . . . 1 . . . . . . 18 . . . . . . . . . 1 . Largest Group 11 | . . 2 2 3 3 2 . . . . . . . 1 . . . . . . 11 . . . . . . . . . 1 . Highest-Rated Group 461 | . . 45 45 40 40 62 . . . . . . . 31 . . . . . . 461 . . . . . . . . . 45 . Highest-Rated Ally 51 | . . 31 31 16 16 31 . . . . . . . 31 . . . . . . 51 . . . . . . . . . 45 . Total Orders 6 | . . . . 2 1 . . 3 . . . . . . . . . . . . . . . . . . . . . . . . STAY 2 | . . . . 1 1 . . . . . . . . . . . . . . . . . . . . . . . . . . . FOLLOW 1 | . . . . 1 . . . . . . . . . . . . . . . . . . . . . . . . . . . . EXPLORE 3 | . . . . . . . . 3 . . . . . . . . . . . . . . . . . . . . . . . . Ally Attacks 174 | . . 9 4 5 29 10 . . . . . . . 6 . . . . . . 111 . . . . . . . . . . . Total Damage 3531 | . . 104 84 59 278 168 . . . . . . . 104 . . . . . . 2734 . . . . . . . . . . . Kills 23 | . . 4 1 2 4 1 . . . . . . . . . . . . . . 11 . . . . . . . . . . . Allies Corrupted 3 | . . . . . . . . . . . . . . . . . . . . . 3 . . . . . . . . . . . Allies Melted . | . . . . . . . . . . . . . . . . . . . . . . . . . . . . . . . . . Intel | -11 -10 -10 -9 -9 -8 -8 -8 -6 -6 -6 -6 -5 -5 -5 -5 -5 -5 -5 -4 -4 -4 -4 -4 -4 -3 -3 -3 -2 -2 -1 -1 -1 ------- Run | Yrd Mat Min Mat Min Mat Sto Rec Fac Low Low Dat Pro Fac Was Fac Upp Upp Zhi Pro Fac Ext Cet Arc Hub Res Qua Frg Res Tes Acc Com Ac0 Active Infowar (turns) 21349 | . 1261 1316 294 . . . . 845 1309 1190 93 1146 168 442 1043 2208 1398 . 2176 825 379 . 1378 313 491 705 356 25 86 37 752 1113 Optics 4520 | . . . . . . . . . . . . 2 168 442 1043 2052 . . . . . . . . . . . . . . 748 65 Sensors 10668 | . . . . . . . . . 1181 1190 93 1146 32 . . 1715 1398 . 2166 634 379 . . . 29 705 . . . . . . IFF 2119 | . . . . . . . . . . . . . . . . . . . . . . . 1378 279 462 . . . . . . . Terrain 1137 | . . . . . . . . . . . . . . . 89 . . . . . . . . . . . . . . . . 1048 Structural 3768 | . 1261 1316 294 . . . . 769 128 . . . . . . . . . . . . . . . . . . . . . . . Seismic 93 | . . . . . . . . 76 . . . . . . . . . . . . . . . . . . . 17 . . . . Cloaking 356 | . . . . . . . . . . . . . . . . . . . . . . . . . . . 356 . . . . . Jamming 1131 | . . . . . . . . . . . . . . . 505 71 . . 10 414 . . . . . . . 8 86 37 . . ECM 335 | . . . . . . . . . . . . . . . . . . . . 280 . . . 51 . . . . . . 4 . Robot Analysis Total 8 | . 1 . 1 . . 1 1 . . . . . . . . . . 4 . . . . . . . . . . . . . . Derelict Logs Recovered 11 | . . 1 . 1 . . . . 2 1 . 1 . . . . 2 . 3 . . . . . . . . . . . . . Drone Launches 3 | . . . . . . . . 3 . . . . . . . . . . . . . . . . . . . . . . . . Drone Recoveries 1 | . . . . . . . . 1 . . . . . . . . . . . . . . . . . . . . . . . . Exploration | -11 -10 -10 -9 -9 -8 -8 -8 -6 -6 -6 -6 -5 -5 -5 -5 -5 -5 -5 -4 -4 -4 -4 -4 -4 -3 -3 -3 -2 -2 -1 -1 -1 ------------- Run | Yrd Mat Min Mat Min Mat Sto Rec Fac Low Low Dat Pro Fac Was Fac Upp Upp Zhi Pro Fac Ext Cet Arc Hub Res Qua Frg Res Tes Acc Com Ac0 Turns Passed 47691 | 80 1297 1316 3369 1522 2156 578 3721 1453 1547 1258 93 1146 168 442 1043 2490 1700 305 2657 879 1872 414 2507 373 660 1162 3046 355 837 97 5319 1829 Spaces Moved 29399 | 46 680 600 1306 604 989 138 1241 719 1109 1064 84 947 113 227 894 1118 1166 169 1300 924 896 163 343 302 590 886 2180 619 1331 144 4621 1886 Core 8 | 8 . . . . . . . . . . . . . . . . . . . . . . . . . . . . . . . . Treads 13852 | . 590 600 1306 604 661 63 899 341 . . . . . . 136 583 746 169 200 687 24 . 119 302 590 886 1444 . . . 1731 1171 Legs 4060 | 38 90 . . . . . 7 378 1108 . . . . . 627 63 420 . 646 35 538 . . . . . 110 . . . . . Wheels 787 | . . . . . 328 75 335 . . . . . . . 49 . . . . . . . . . . . . . . . . . Hover 10147 | . . . . . . . . . 1 1064 84 947 113 227 82 472 . . . 111 334 163 224 . . . 626 619 1331 144 2890 715 Flight 545 | . . . . . . . . . . . . . . . . . . . 454 91 . . . . . . . . . . . . Fastest Speed 33 | 50 120 160 160 240 160 162 162 117 77 103 110 110 110 110 63 96 115 166 189 44 47 174 83 83 83 83 33 33 33 33 33 71 Average Speed 108 | 107 154 160 198 240 184 186 192 159 110 103 110 110 110 110 92 157 133 171 194 64 143 174 98 83 83 83 60 33 33 33 47 71 Slowest Speed 355 | 120 160 160 240 240 320 212 355 195 124 110 110 110 110 110 127 235 173 198 198 189 231 174 174 83 83 83 83 33 33 33 71 71 Overloaded Moves . | . . . . . . . . . . . . . . . . . . . . . . . . . . . . . . . . . Propulsion Burnouts . | . . . . . . . . . . . . . . . . . . . . . . . . . . . . . . . . . Robots Hopped . | . . . . . . . . . . . . . . . . . . . . . . . . . . . . . . . . . Potential Cave-ins 18 | . . . . . . . . . . . . . . 4 . . . . . . . . . . . . 11 2 . 1 . . Cave-ins Triggered . | . . . . . . . . . . . . . . . . . . . . . . . . . . . . . . . . . Teleports 4 | . . . . . . . . . . . . . . . . . . . . . . . . . . . 1 . . . 1 2 Exploration Rate (%) 66 | 4 92 99 97 100 77 34 98 30 97 94 71 95 6 86 31 98 95 62 99 28 88 63 95 41 15 89 32 27 86 6 69 87 Regions Visited 32 Branch Regions 21 Pre-discovered Areas 21 | . 2 . 3 . . 3 2 . 1 1 1 . . . . 1 1 3 1 . . . . . . . . . 2 . . . Known Exits Taken 24 | . 1 1 1 1 1 1 1 1 1 1 1 1 . . 1 1 1 1 1 1 1 . . . 1 . 1 1 1 1 . . Unknown Exits Taken 6 | 1 . . . . . . . . . . . . . . . . . . . . . 1 1 1 . 1 . . . . 1 . Scrap Searched 19 | . . 1 . 2 . . . . 4 5 . . . . . 2 1 . 4 . . . . . . . . . . . . . Spaces Dug 580 | . 2 1 . . 3 3 . 16 7 . . 2 2 6 9 . . . . 14 . . . 361 11 22 35 47 11 6 7 15 Terrain Destroyed 1482 | . 2 1 . . 23 48 17 180 26 2 . 15 4 17 56 24 20 . 6 64 59 3 7 392 54 41 146 84 25 11 31 124 Melee 4 | . . . . . . 3 . 1 . . . . . . . . . . . . . . . . . . . . . . . . Projectile 743 | . 2 1 . . . . . 27 26 2 . 3 4 17 30 15 10 . 6 37 59 3 7 51 28 41 114 69 25 11 31 124 AOE 735 | . . . . . 23 45 17 152 . . . 12 . . 26 9 10 . . 27 . . . 341 26 . 32 15 . . . . Terrain Rammed . | . . . . . . . . . . . . . . . . . . . . . . . . . . . . . . . . . Walls Destroyed . | . . . . . . . . . . . . . . . . . . . . . . . . . . . . . . . . . Machines Disabled . | . . . . . . . . . . . . . . . . . . . . . . . . . . . . . . . . . Actions | -11 -10 -10 -9 -9 -8 -8 -8 -6 -6 -6 -6 -5 -5 -5 -5 -5 -5 -5 -4 -4 -4 -4 -4 -4 -3 -3 -3 -2 -2 -1 -1 -1 --------- Run | Yrd Mat Min Mat Min Mat Sto Rec Fac Low Low Dat Pro Fac Was Fac Upp Upp Zhi Pro Fac Ext Cet Arc Hub Res Qua Frg Res Tes Acc Com Ac0 Total 43254 | 66 855 922 1883 642 1218 416 2419 946 1397 1199 84 1018 149 383 1067 1794 1284 185 1394 1133 1401 284 2498 387 733 1249 3615 732 1689 192 7705 2315 Wait 9446 | 1 75 295 351 1 74 235 995 29 170 81 . 25 7 89 26 565 33 . 34 35 214 85 2102 16 46 140 749 21 238 12 2655 47 Move 29367 | 45 679 599 1305 603 988 137 1240 718 1108 1063 83 946 113 226 893 1117 1165 168 1299 923 895 162 342 301 589 885 2179 618 1330 143 4620 1885 Hop . | . . . . . . . . . . . . . . . . . . . . . . . . . . . . . . . . . Pick Up 618 | 10 21 2 45 4 26 1 32 40 19 8 . 2 5 6 21 12 12 4 4 22 19 8 9 4 19 33 83 13 18 3 93 20 Fast Attach 127 | 4 2 . 7 1 6 4 . 3 1 . . . 2 . 7 1 3 4 2 7 4 4 5 . 2 12 13 3 6 1 15 8 Attach 123 | 2 . . 6 . 1 . 2 10 3 3 1 3 . 2 3 6 9 . . . 2 . 3 . 6 8 26 5 1 2 14 5 Detach 44 | . . . . . . . 3 5 3 3 . 3 . . 3 3 6 . . . 1 . 2 . . 2 3 1 1 1 3 1 Swap 472 | . 14 4 13 3 13 7 4 14 17 7 . 7 . . 16 6 8 . 12 22 8 3 1 16 20 28 93 12 15 1 48 60 Drop 658 | . 19 2 35 6 28 6 40 38 25 5 . 2 7 6 28 14 11 7 6 25 19 8 10 4 14 45 86 11 24 3 103 21 Fire 2194 | 4 42 14 108 21 74 22 92 87 51 29 . 30 15 54 60 70 37 2 37 99 110 14 24 43 32 92 383 48 56 26 150 268 Melee 16 | . . . . . . 4 10 2 . . . . . . . . . . . . . . . . . . . . . . . . Ram 3 | . . . . . 3 . . . . . . . . . . . . . . . . . . . . . . . . . . . Kick 13 | . . . . . . . . . . . . . . . 10 . . . . . 3 . . . . . . . . . . . Crush 42 | . 3 6 13 3 5 . . . . . . . . . . . . . . . . . . 3 5 4 . . . . . . Escape Stasis 13 | . . . . . . . . . . . . . . . . . . . . . 13 . . . . . . . . . . . Rewire 118 | . . . . . . . 1 . . . . . . . . . . . . . 113 . . . . . . . . . 4 . Trap . | . . . . . . . . . . . . . . . . . . . . . . . . . . . . . . . . . Miscellaneous . | . . . . . . . . . . . . . . . . . . . . . . . . . . . . . . . . . Route ------- -11/Scrapyard -10/Materials (discovered 6 exits: *Mat x3 / *Min x2 / Sub) -10/Mines (discovered 4 exits: *Mat x2 / [*Exi] / Sub) -9/Materials (discovered 5 exits: *Mat x3 / *Min x2) -9/Mines (discovered 2 exits: *Mat x2) -8/Materials (discovered 3 exits: *Fac x2 / *Sto) -8/Storage (discovered 2 exits: Fac / *Rec) -8/Recycling -6/Factory (discovered 6 exits: *Fac x4 / *Low x2) -6/Lower Caves (discovered 2 exits: *Low / *Dat) -6/Lower Caves (discovered 2 exits: *Fac / *Dat) -6/Data Miner -5/Proximity Caves -5/Factory (discovered 3 exits: Fac / Upp x2) -5/Waste -5/Factory (discovered 2 exits: *Upp x2) -5/Upper Caves -5/Upper Caves (discovered 2 exits: *Fac / *Zhi) -5/Zhirov -4/Proximity Caves -4/Factory (discovered 2 exits: *Upp / *Ext) -4/Extension (discovered 3 exits: *Res x2 / *Cet) -4/Cetus (discovered 2 exits: *Res / [*Arc]) -4/Archives (discovered 3 exits: *Res / *Hub x2) -4/Hub_04(d) (discovered 2 exits: *Res x2) -3/Research (discovered 3 exits: *Res / Arm / *Qua) -3/Quarantine (discovered 3 exits: *Res / [*Sec] / *Frg) -3/Protoforge -2/Research (discovered 4 exits: *Acc x2 / *Tes x2) -2/Testing -1/Access -1/Command (discovered 3 exits: [*Sur x2] / *Ac0) -1/Access_0 0b11 Command History --------- Turn | Location | Event 2 | -11/Scrapyard | Met Revision 17 6 | -11/Scrapyard | Discovered new exit (range 15) 81 | -11/Scrapyard | Entered Materials 148 | -10/Materials | Discovered new exit (range 14) 319 | -10/Materials | Build established: Mutant 437 | -10/Materials | Discovered new exit (range 3) 456 | -10/Materials | Discovered new exit (range 15) 552 | -10/Materials | Identified exit to Mines 552 | -10/Materials | Identified exit to Materials 602 | -10/Materials | Learned 4 Recycling zone layouts 641 | -10/Materials | Identified exit to Subcaves 670 | -10/Materials | Learned Storage garrison access intel 691 | -10/Materials | Learned location of 1 exit from Recycling 702 | -10/Materials | Learned location of 3 exits from Materials 709 | -10/Materials | Learned location of 1 exit from Storage 747 | -10/Materials | Learned 2 Mines zone layouts 824 | -10/Materials | Central database locked down 1378 | -10/Materials | Entered Mines 1458 | -10/Mines | Deemed a non-threat by the Exiles lab entrance 1458 | -10/Mines | Discovered new exit (range 5) 1574 | -10/Mines | Learned Materials stockpile data 1604 | -10/Mines | Received a Mining Laser from a helpful Derelict 1796 | -10/Mines | Excavation squad dispatched 1796 | -10/Mines | A large section of the Mines collapsed 2046 | -10/Mines | Excavation squad dispatched 2391 | -10/Mines | A weapon hastily lodged in a ceiling crevice suddenly fell to the ground 2694 | -10/Mines | Entered Materials 2694 | -9/Materials | Accompanied by 2 allies 2694 | -9/Materials | Evolved 2 slots: Propulsion x2 2695 | -9/Materials | Identified exit to Mines 2695 | -9/Materials | Identified exit to Materials 2699 | -9/Materials | Led the pair of lost Derelicts to an unsafe place 3601 | -9/Materials | Loaded intel: 16 trap records 3631 | -9/Materials | Build established: Scavenger-Mutant 3768 | -9/Materials | Learned location of Zion (-7) 3805 | -9/Materials | Learned Storage stockpile data 3831 | -9/Materials | Learned location of 1 exit from Storage 3846 | -9/Materials | Learned Storage emergency access door positions 3871 | -9/Materials | Learned Storage trap positions 3905 | -9/Materials | Learned 2 Storage zone layouts 4717 | -9/Materials | Repaired Med. Armor Plating 4744 | -9/Materials | Repaired Lgt. Treads 4876 | -9/Materials | Discovered exit to Materials (range 11) 4976 | -9/Materials | Core integrity fell below 50% 6063 | -9/Materials | Entered Mines 6108 | -9/Mines | Met a Derelict bent on vengeance 6266 | -9/Mines | Learned Materials emergency access door positions 6362 | -9/Mines | Assisted by bots powering up and referring to "LRC-V3" 7367 | -9/Mines | Discovered exit to Materials (range 4) 7384 | -9/Mines | Discovered exit to Materials (range 10) 7493 | -9/Mines | Met a Derelict shopkeep closing up shop 7585 | -9/Mines | Entered Materials 7585 | -8/Materials | Accompanied by 3 allies 7585 | -8/Materials | Evolved 2 slots: Propulsion x1, Utility x1 7586 | -8/Materials | Identified exit to Storage 7955 | -8/Materials | Central database locked down 7981 | -8/Materials | Discovered new exit (range 3) 8221 | -8/Materials | Repaired Autogun+ 8550 | -8/Materials | Build established: Mutant 9007 | -8/Materials | Discovered new exit (range 13) 9404 | -8/Materials | Learned 8 Factory zone layouts 9433 | -8/Materials | Learned Storage trap positions 9452 | -8/Materials | Learned Storage trap positions 9463 | -8/Materials | Learned Storage stockpile data 9464 | -8/Materials | Learned location of 2 exits from Factory 9465 | -8/Materials | Learned location of 1 exit from Storage 9467 | -8/Materials | Learned Storage trap positions 9741 | -8/Materials | Entered Storage 9742 | -8/Storage | Identified exit to Factory 9742 | -8/Storage | Identified exit to Recycling 9744 | -8/Storage | Loaded intel: 27 trap records 9753 | -8/Storage | Met a pair of Derelict thieves 9899 | -8/Storage | Destroyed 9 combat bots 10079 | -8/Storage | Used back door to open Recycling access 10162 | -8/Storage | Learned 8 Factory zone layouts 10210 | -8/Storage | Learned 2 Storage zone layouts 10218 | -8/Storage | Learned Factory trap positions 10219 | -8/Storage | Learned location of Recycling (-8) 10220 | -8/Storage | Learned location of Extension (-4) 10221 | -8/Storage | Learned location of 2 exits from Factory 10225 | -8/Storage | Learned 4 Recycling zone layouts 10241 | -8/Storage | Learned location of 2 exits from Factory 10269 | -8/Storage | Build established: Scavenger-Mutant 10319 | -8/Storage | Entered Recycling 10320 | -8/Recycling | Identified exit to Factory 10321 | -8/Recycling | Identified exit to Scraptown 10961 | -8/Recycling | Scanned before Scraplab entrance 10989 | -8/Recycling | Angered Scraplab inhabitants 10990 | -8/Recycling | Found Prototype Device 11035 | -8/Recycling | Identified Scrap Engine 11424 | -8/Recycling | Learned location of 1 exit from Recycling 11443 | -8/Recycling | Learned Storage trap positions 11472 | -8/Recycling | Learned Factory recycling unit intel 11742 | -8/Recycling | Build established: Construct 14040 | -8/Recycling | Entered Factory 14040 | -6/Factory | Evolved 4 slots: Power x1, Utility x2, Weapon x1 14041 | -6/Factory | Identified exit to Factory 14042 | -6/Factory | Identified exit to Lower Caves 14044 | -6/Factory | Loaded intel: 81 trap records 14045 | -6/Factory | Loaded intel: 8 recycling unit locations 14367 | -6/Factory | Lost 3 parts (1p1u1w) 14369 | -6/Factory | Destroyed 8 combat bots 14950 | -6/Factory | Found Hvy. Reflective Plating 15440 | -6/Factory | First assault squad dispatched 15493 | -6/Factory | Entered Lower Caves 16000 | -6/Lower Caves | Discovered new exit (range 6) 16005 | -6/Lower Caves | Identified exit to Lower Caves 16035 | -6/Lower Caves | A Derelict revealed a hidden shortcut to meet someone special 16084 | -6/Lower Caves | Encountered a Warlord checkpoint 16405 | -6/Lower Caves | Acquired the password to a Derelict Tinkerer's latest research 16449 | -6/Lower Caves | Attracted the attention of an 0b10 checkpoint 16566 | -6/Lower Caves | Caught by Unaware searching for contraband prototypes 17040 | -6/Lower Caves | Entered another Lower Caves area 17042 | -6/Lower Caves | Attracted the attention of an 0b10 checkpoint 17251 | -6/Lower Caves | Discovered exit to Factory (range 5) 18122 | -6/Lower Caves | Discovered new exit (range 15) 18284 | -6/Lower Caves | Identified exit to Data Miner 18298 | -6/Lower Caves | Entered Data Miner 18298 | -6/Data Miner | Discovered new exit (range 6) 18319 | -6/Data Miner | Met Data Miner 18344 | -6/Data Miner | Learned location of Section 7 (-3) 18344 | -6/Data Miner | Acquired the access code to Warlord's prototype stash 18363 | -6/Data Miner | Received God Mode back door access code from Data Miner 18389 | -6/Data Miner | Identified exit to Proximity Caves 18391 | -6/Data Miner | Entered Proximity Caves 18632 | -5/Proximity Caves | Learned 8 Factory zone layouts 18797 | -5/Proximity Caves | Spotted B-75 Beast 18870 | -5/Proximity Caves | Spotter reported a threat 19403 | -5/Proximity Caves | Discovered exit to Factory (range 13) 19535 | -5/Proximity Caves | System corruption reached 10% 19537 | -5/Proximity Caves | Entered Factory 19537 | -5/Factory | Evolved 2 slots: Propulsion x1, Utility x1 19538 | -5/Factory | Identified exit to Upper Caves 19539 | -5/Factory | Identified exit to Factory 19705 | -5/Factory | Sucked down chute 19705 | -5/Factory | Entered Waste 19706 | -5/Waste | Met a frightened Derelict 19715 | -5/Waste | Spotted C-40 Crusher 19720 | -5/Waste | Destroyed C-40 Crusher 19735 | -5/Waste | Spotted C-40 Crusher 19781 | -5/Waste | Spotted C-40 Crusher 19841 | -5/Waste | Destroyed C-40 Crusher 19878 | -5/Waste | Spotted C-40 Crusher 19893 | -5/Waste | Destroyed C-40 Crusher 19918 | -5/Waste | Spotted C-40 Crusher 19920 | -5/Waste | Spotted C-40 Crusher 20072 | -5/Waste | Discovered new exit (range 11) 20147 | -5/Waste | Entered Factory 20271 | -5/Factory | Discovered exit to Upper Caves (range 22) 21023 | -5/Factory | Cargo convoy interrupted 21158 | -5/Factory | Fabricated Mak. Microdissipator Network? 21190 | -5/Factory | Entered Upper Caves 22915 | -5/Upper Caves | Encountered a Warlord checkpoint 23080 | -5/Upper Caves | Discovered new exit (range 7) 23089 | -5/Upper Caves | Identified exit to Upper Caves 23306 | -5/Upper Caves | Attracted the attention of an 0b10 base 23504 | -5/Upper Caves | Learned 8 Research zone layouts 23504 | -5/Upper Caves | Learned Factory emergency access door positions 23680 | -5/Upper Caves | Entered another Upper Caves area 23693 | -5/Upper Caves | Discovered exit to Factory (range 9) 23960 | -5/Upper Caves | Learned Factory garrison access intel 24922 | -5/Upper Caves | Discovered new exit (range 8) 24953 | -5/Upper Caves | Identified exit to Zhirov 25380 | -5/Upper Caves | Entered Zhirov 25380 | -5/Zhirov | Discovered new exit (range 3) 25410 | -5/Zhirov | Met Zhirov 25440 | -5/Zhirov | Learned location of Quarantine (-3) 25440 | -5/Zhirov | Learned location of Testing (-2) 25472 | -5/Zhirov | Zhirov requested help retrieving the SGEMP Prototype 25504 | -5/Zhirov | Found Alien Artifact 25504 | -5/Zhirov | Identified Integrated Reactor 25504 | -5/Zhirov | Installed Integrated Reactor, increased core energy generation (+10) 25527 | -5/Zhirov | Found Alien Artifact 25683 | -5/Zhirov | Identified exit to Proximity Caves 25685 | -5/Zhirov | Entered Proximity Caves 25923 | -4/Proximity Caves | Spotted B-86 Titan 25934 | -4/Proximity Caves | Destroyed B-86 Titan 26433 | -4/Proximity Caves | Attracted the attention of an 0b10 checkpoint 27110 | -4/Proximity Caves | Discovered exit to Factory (range 8) 28342 | -4/Proximity Caves | Entered Factory 28342 | -4/Factory | Evolved 2 slots: Power x1, Weapon x1 28343 | -4/Factory | Identified exit to Extension 28345 | -4/Factory | Loaded intel: 4 garrison access locations 28486 | -4/Factory | Spotted B-86 Titan 28542 | -4/Factory | Destroyed B-86 Titan 28612 | -4/Factory | Found Quantum Capacitor 29021 | -4/Factory | Discovered new exit (range 9) 29026 | -4/Factory | Identified exit to Upper Caves 29108 | -4/Factory | Fabricated Centrium Leg? 29159 | -4/Factory | Spotted Striker 29160 | -4/Factory | Cargo convoy interrupted 29221 | -4/Factory | Entered Extension 29222 | -4/Extension | System corruption reached 10% 29293 | -4/Extension | Rescued a captive Derelict 29418 | -4/Extension | Rescued a captive Derelict 29420 | -4/Extension | Rescued a captive Derelict 29589 | -4/Extension | Rescued a captive Derelict 29640 | -4/Extension | Rescued a captive Derelict 29642 | -4/Extension | Rescued a captive Derelict 29850 | -4/Extension | Energy Cycler disabled 29966 | -4/Extension | Build established: Commander-Construct 30062 | -4/Extension | Spotted B-86 Titan 30080 | -4/Extension | Allies destroyed B-86 Titan 30087 | -4/Extension | Discovered new exit (range 15) 30088 | -4/Extension | Spotted B-86 Titan 30108 | -4/Extension | Destroyed B-86 Titan 30173 | -4/Extension | Extracted ID and sensor layout for unrecognized location from A7's data core 30198 | -4/Extension | Found Corrupted Prototype Protection 30251 | -4/Extension | Lost 4 allies 30472 | -4/Extension | Build established: Construct 30562 | -4/Extension | Lost 3 allies 30905 | -4/Extension | Lost 4 allies 30971 | -4/Extension | First assault squad dispatched 31034 | -4/Extension | Discovered new exit (range 10) 31036 | -4/Extension | Discovered new exit (range 6) 31091 | -4/Extension | Identified exit to Cetus 31093 | -4/Extension | Entered Cetus 31141 | -4/Cetus | Spotted Cetus Guard 31141 | -4/Cetus | Spotted Cetus Guard 31143 | -4/Cetus | Spotted Cetus Guard 31145 | -4/Cetus | Destroyed Cetus Guard 31148 | -4/Cetus | Destroyed Cetus Guard 31150 | -4/Cetus | Spotted Cetus Guard 31155 | -4/Cetus | Destroyed Cetus Guard 31160 | -4/Cetus | Destroyed Cetus Guard 31348 | -4/Cetus | Discovered new exit (range 16) 31383 | -4/Cetus | Spotted Cetus Guard 31383 | -4/Cetus | Spotted Cetus Guard 31385 | -4/Cetus | Spotted Cetus Guard 31385 | -4/Cetus | Destroyed Cetus Guard 31388 | -4/Cetus | Destroyed Cetus Guard 31388 | -4/Cetus | Spotted Cetus Guard 31389 | -4/Cetus | Destroyed Cetus Guard 31392 | -4/Cetus | Destroyed Cetus Guard 31404 | -4/Cetus | Discovered new exit (range 15) 31413 | -4/Cetus | Met Revision 17 31507 | -4/Cetus | Entered Archives 31752 | -4/Archives | Discovered new exit (range 16) 31810 | -4/Archives | Discovered new exit (range 15) 31837 | -4/Archives | Discovered new exit (range 13) 32030 | -4/Archives | Identified Med. Regenerative Plating 34014 | -4/Archives | Entered Hub_04(d) 34052 | -4/Hub_04(d) | Discovered new exit (range 13) 34143 | -4/Hub_04(d) | Network Hub disabled 34306 | -4/Hub_04(d) | Spotted Lightning 34329 | -4/Hub_04(d) | Network Hub disabled 34329 | -4/Hub_04(d) | Spotted Lightning 34349 | -4/Hub_04(d) | Spotted Lightning 34355 | -4/Hub_04(d) | Network Hub disabled 34382 | -4/Hub_04(d) | Discovered new exit (range 7) 34387 | -4/Hub_04(d) | Entered Research 34387 | -3/Research | Evolved 2 slots: Utility x2 34388 | -3/Research | Identified exit to Armory 34388 | -3/Research | Identified exit to Quarantine 34389 | -3/Research | Identified exit to Research 34507 | -3/Research | Central database locked down 34507 | -3/Research | Identified Transdimensional Reconstructor 34587 | -3/Research | Revision forces began assault on 0b10 34733 | -3/Research | Met up with Revision 17++ 34954 | -3/Research | Spotted B-90 Cyclops 35003 | -3/Research | Found Prototype Processor 35017 | -3/Research | Identified Exp. Signal Interpreter 35047 | -3/Research | Entered Quarantine 35086 | -3/Quarantine | Found Prototype Protection 35145 | -3/Quarantine | Identified Centrium Heavy Armor Plating 35147 | -3/Quarantine | Found Alien Artifact 35147 | -3/Quarantine | Identified Phase Armor 35186 | -3/Quarantine | Found Transdimensional Reconstructor 35190 | -3/Quarantine | Found Alien Artifact 35257 | -3/Quarantine | Discovered exit to Research (range 15) 35377 | -3/Quarantine | Destroyed 7 combat bots 35923 | -3/Quarantine | Found Alien Artifact 36039 | -3/Quarantine | Spotted Fortress 36093 | -3/Quarantine | Destroyed Fortress 36105 | -3/Quarantine | Found Prototype Device 36106 | -3/Quarantine | Identified Exp. Force Field 36112 | -3/Quarantine | Found Prototype Device 36113 | -3/Quarantine | Identified Exp. EM Shield 36119 | -3/Quarantine | Found Prototype Device 36134 | -3/Quarantine | Identified Thermal Barrier 36142 | -3/Quarantine | Found Centrium Heavy Armor Plating 36204 | -3/Quarantine | Discovered new exit (range 6) 36204 | -3/Quarantine | Discovered new exit (range 6) 36209 | -3/Quarantine | Entered Protoforge 36237 | -3/Protoforge | Spotted Hotshot 36237 | -3/Protoforge | Spotted Hotshot 36237 | -3/Protoforge | Spotted Hotshot 36237 | -3/Protoforge | Spotted Hotshot 36237 | -3/Protoforge | Superfortress began startup sequence 36240 | -3/Protoforge | Destroyed Hotshot 36243 | -3/Protoforge | Destroyed Hotshot 36249 | -3/Protoforge | Spotted Hotshot 36249 | -3/Protoforge | Spotted Hotshot 36252 | -3/Protoforge | Spotted Hotshot 36253 | -3/Protoforge | Spotted Hotshot 36259 | -3/Protoforge | Destroyed Hotshot 36262 | -3/Protoforge | Destroyed Hotshot 36272 | -3/Protoforge | Destroyed Hotshot 36274 | -3/Protoforge | Destroyed Hotshot 36277 | -3/Protoforge | Destroyed Hotshot 36294 | -3/Protoforge | Destroyed Hotshot 36328 | -3/Protoforge | Destroyed 10 combat bots 36333 | -3/Protoforge | Discovered exit to Research (range 9) 36336 | -3/Protoforge | Spotted B-86 Titan 36346 | -3/Protoforge | Identified Dimensional Node Initializer 36346 | -3/Protoforge | Initialized slip node 36419 | -3/Protoforge | Found Prototype Energy Gun 36426 | -3/Protoforge | Identified Cep. Variable Chargecaster 36426 | -3/Protoforge | Found Prototype Device 36435 | -3/Protoforge | Identified Exp. Trap Extractor 36437 | -3/Protoforge | Found Faulty Cep. Variable Chargecaster 36456 | -3/Protoforge | Additional patrols dispatched to research labs 36459 | -3/Protoforge | First assault squad dispatched 36498 | -3/Protoforge | Found Cep. Antimissile System 36504 | -3/Protoforge | Found Prototype Device 36506 | -3/Protoforge | Spotted Hotshot 36506 | -3/Protoforge | Spotted Hotshot 36506 | -3/Protoforge | Spotted Hotshot 36512 | -3/Protoforge | Spotted Hotshot 36516 | -3/Protoforge | Destroyed Hotshot 36521 | -3/Protoforge | Destroyed Hotshot 36521 | -3/Protoforge | Destroyed Hotshot 36525 | -3/Protoforge | Destroyed Hotshot 36541 | -3/Protoforge | Spotted Immortal 36542 | -3/Protoforge | Spotted Immortal 36628 | -3/Protoforge | Destroyed Immortal 36643 | -3/Protoforge | Destroyed Immortal 36647 | -3/Protoforge | Spotted Decapitator 36647 | -3/Protoforge | Spotted Decapitator 36647 | -3/Protoforge | Spotted Decapitator 36656 | -3/Protoforge | Found Prototype Device 36656 | -3/Protoforge | Identified Exp. Cloaking Device 36668 | -3/Protoforge | Found Prototype Processor 36669 | -3/Protoforge | Identified Exp. Melee Analysis Suite 36673 | -3/Protoforge | Found Exp. Cloaking Device 36686 | -3/Protoforge | Found Cep. Phase Shift Module 36690 | -3/Protoforge | Found Faulty Cep. Hardlight Director 36692 | -3/Protoforge | Found Prototype Device 36698 | -3/Protoforge | Identified Crosscalibrator 36699 | -3/Protoforge | Identified Exp. Remote Shield 36700 | -3/Protoforge | Found Cep. Hardlight Director 36710 | -3/Protoforge | Found Prototype Device 36712 | -3/Protoforge | Identified Cep. Beam Splitter 36712 | -3/Protoforge | Found Cep. Beam Splitter 36755 | -3/Protoforge | Destroyed Decapitator 36760 | -3/Protoforge | Destroyed Decapitator 36768 | -3/Protoforge | Destroyed Decapitator 36825 | -3/Protoforge | Found Prototype Storage 36827 | -3/Protoforge | Found Prototype Storage 36833 | -3/Protoforge | Identified Cep. NT7 Matterbank (x2) 36836 | -3/Protoforge | Found Cep. Chromion Battery 36841 | -3/Protoforge | Found Prototype Device 36843 | -3/Protoforge | Identified Cep. Matter Streamer 36843 | -3/Protoforge | Found Cep. Chromion Battery 36846 | -3/Protoforge | Found Cep. Chromion Battery 36863 | -3/Protoforge | Found Prototype Storage 36865 | -3/Protoforge | Identified Cep. Antigrav Storage Unit 36943 | -3/Protoforge | Found Prototype Device 36947 | -3/Protoforge | Identified Cep. Recoil Nullifier 36947 | -3/Protoforge | Found Faulty Cep. Countertargeting System 36949 | -3/Protoforge | Found Faulty Cep. Countertargeting System 36951 | -3/Protoforge | Found Exp. Kinecellerator 36959 | -3/Protoforge | Found Exp. Kinecellerator 36999 | -3/Protoforge | Spotted V659-v 37017 | -3/Protoforge | Destroyed V659-v 37029 | -3/Protoforge | Found Prototype Processor 37029 | -3/Protoforge | Identified Exp. Target Analyzer 37040 | -3/Protoforge | Found Cep. Combat Aerolev Unit 37053 | -3/Protoforge | Found Cep. Weapon Articulator 37055 | -3/Protoforge | Found Cep. Hypertargeting System 37058 | -3/Protoforge | Found Faulty Cep. Hypertargeting System 37060 | -3/Protoforge | Found Mni. Quantum Capacitor 37063 | -3/Protoforge | Found Cep. Weapon Articulator 37135 | -3/Protoforge | Spotted Hotshot 37135 | -3/Protoforge | Spotted Hotshot 37135 | -3/Protoforge | Spotted Hotshot 37136 | -3/Protoforge | Spotted Hotshot 37139 | -3/Protoforge | Destroyed Hotshot 37155 | -3/Protoforge | Destroyed Hotshot 37178 | -3/Protoforge | Destroyed Hotshot 37187 | -3/Protoforge | Destroyed Hotshot 37202 | -3/Protoforge | Spotted Decapitator 37202 | -3/Protoforge | Spotted Decapitator 37202 | -3/Protoforge | Spotted V358-z 37202 | -3/Protoforge | Spotted V860-d 37210 | -3/Protoforge | Spotted Decapitator 37214 | -3/Protoforge | Destroyed Decapitator 37216 | -3/Protoforge | Destroyed Decapitator 37218 | -3/Protoforge | Destroyed Decapitator 37243 | -3/Protoforge | Found Faulty Cep. Helical Railcannon 37285 | -3/Protoforge | Forge Plexus network access discovered 37322 | -3/Protoforge | Spotted V553-q 37322 | -3/Protoforge | Spotted V340-z 37337 | -3/Protoforge | Spotted V788-a 37386 | -3/Protoforge | Spotted Immortal 37387 | -3/Protoforge | Spotted Immortal 37398 | -3/Protoforge | Destroyed Immortal 37401 | -3/Protoforge | Destroyed Immortal 37407 | -3/Protoforge | Spotted V368-j 37407 | -3/Protoforge | Spotted V792-s 37409 | -3/Protoforge | Found Cep. Network Penetrator 37419 | -3/Protoforge | Destroyed V368-j 37422 | -3/Protoforge | Destroyed V792-s 37429 | -3/Protoforge | Found Prototype Device 37429 | -3/Protoforge | Identified Exp. Focal Shield 37532 | -3/Protoforge | Spotted AP7-3 37532 | -3/Protoforge | Spotted AP7-3 37558 | -3/Protoforge | Destroyed AP7-3 37575 | -3/Protoforge | Destroyed AP7-3 37595 | -3/Protoforge | Found Faulty Cep. Thermoelectric Network 37597 | -3/Protoforge | Found Faulty Cep. Thermoelectric Network 37602 | -3/Protoforge | Found Faulty Cep. Impact Drone Bay 37731 | -3/Protoforge | Identified Subatomic Replicator 37731 | -3/Protoforge | Used Subatomic Replicator to replicate Faulty Cep. Impact Drone Bay 37802 | -3/Protoforge | Found Faulty Cep. Combat Aerolev Unit 37847 | -3/Protoforge | Found Faulty Exp. Active Sensor Suite 37859 | -3/Protoforge | Found Faulty Exp. Active Sensor Suite 37923 | -3/Protoforge | Spotted Decapitator 37923 | -3/Protoforge | Spotted Decapitator 37923 | -3/Protoforge | Spotted Decapitator 37951 | -3/Protoforge | Found Cep. Zero-point Core 37956 | -3/Protoforge | Destroyed V788-a 37963 | -3/Protoforge | Destroyed V340-z 37971 | -3/Protoforge | Destroyed V553-q 38056 | -3/Protoforge | Destroyed V358-z 38065 | -3/Protoforge | Destroyed V860-d 38080 | -3/Protoforge | Found Prototype Processor 38081 | -3/Protoforge | Identified Exp. Core Analyzer 38085 | -3/Protoforge | Found Prototype Device 38085 | -3/Protoforge | Identified Exp. Thermal Defense Suite 38118 | -3/Protoforge | Found Faulty Cep. Helical Railcannon 38183 | -3/Protoforge | Found Cep. Miniperforator 38186 | -3/Protoforge | Found Cep. Plasma Driver 38189 | -3/Protoforge | Found Faulty Cep. Plasma Driver 38201 | -3/Protoforge | Found Cep. Plasma Driver 38205 | -3/Protoforge | Found Cep. Miniperforator 38372 | -3/Protoforge | Spotted Immortal 38387 | -3/Protoforge | Destroyed Immortal 38403 | -3/Protoforge | Spotted Decapitator 38405 | -3/Protoforge | Destroyed Decapitator 38406 | -3/Protoforge | Spotted Striker 38420 | -3/Protoforge | Destroyed Striker 38430 | -3/Protoforge | Spotted Decapitator 38436 | -3/Protoforge | Spotted Immortal 38436 | -3/Protoforge | Spotted Immortal 38436 | -3/Protoforge | Spotted Decapitator 38439 | -3/Protoforge | Destroyed Decapitator 38445 | -3/Protoforge | Destroyed Immortal 38446 | -3/Protoforge | Destroyed Decapitator 38460 | -3/Protoforge | Spotted Striker 38467 | -3/Protoforge | Destroyed 10 combat bots 38474 | -3/Protoforge | Incoming assault squad redirected 38474 | -3/Protoforge | Core integrity fell below 50% 38480 | -3/Protoforge | Found Faulty Cep. Lightning Penetrator 38484 | -3/Protoforge | Found Faulty Cep. Plasma Driver 38494 | -3/Protoforge | Destroyed Striker 38516 | -3/Protoforge | Destroyed Immortal 38977 | -3/Protoforge | Found Faulty Cep. Variable Chargecaster 39136 | -3/Protoforge | System corruption reached 10% 39136 | -3/Protoforge | Spotted Executioner 39151 | -3/Protoforge | Destroyed Executioner 39184 | -3/Protoforge | Found Prototype Processor 39184 | -3/Protoforge | Identified Exp. Targeting Computer 39193 | -3/Protoforge | Spotted Decapitator 39195 | -3/Protoforge | Destroyed 24 combat bots 39195 | -3/Protoforge | Destroyed Decapitator 39219 | -3/Protoforge | Spotted Executioner 39227 | -3/Protoforge | Spotted Executioner 39228 | -3/Protoforge | Destroyed Executioner 39231 | -3/Protoforge | Spotted Decapitator 39237 | -3/Protoforge | Destroyed Decapitator 39239 | -3/Protoforge | Spotted Hotshot 39239 | -3/Protoforge | Destroyed Executioner 39241 | -3/Protoforge | Destroyed Hotshot 39248 | -3/Protoforge | Spotted Striker 39251 | -3/Protoforge | Warped through subspace to slip node 39255 | -3/Protoforge | Entered Research 39255 | -2/Research | Evolved 2 slots: Utility x2 39271 | -2/Research | Destroyed 13 combat bots 39341 | -2/Research | Identified exit to Testing 39434 | -2/Research | Unchained authorized (CL-0N3) 39445 | -2/Research | Discovered new exit (range 15) 39499 | -2/Research | Discovered new exit (range 11) 39505 | -2/Research | First assault squad dispatched 39533 | -2/Research | Destroyed 12 combat bots 39544 | -2/Research | Spotted B-90 Cyclops 39610 | -2/Research | Entered Testing 39641 | -2/Testing | Found Prototype Device 39641 | -2/Testing | Identified 2N-1CE's Frost Array 39665 | -2/Testing | Build established: Hacker-Construct 39718 | -2/Testing | Found Prototype Launcher 39721 | -2/Testing | Identified Point Singularity Launcher 39723 | -2/Testing | Spotted Striker 39723 | -2/Testing | Spotted Striker 39853 | -2/Testing | Spotted Alpha 7 39864 | -2/Testing | Learned Research trap positions 39875 | -2/Testing | Fabricated Centrium Leg (x1) 39906 | -2/Testing | Spotted PX-3ETX7RD6OL 39932 | -2/Testing | Identified exit to Access 39975 | -2/Testing | Destroyed Alpha 7 39991 | -2/Testing | Learned location of 2 exits from Research 40079 | -2/Testing | Learned Access terminal intel 40128 | -2/Testing | Learned Access repair station intel 40188 | -2/Testing | Learned Access trap positions 40188 | -2/Testing | Unchained authorized (CL-0N3) 40437 | -2/Testing | U-05 Engineer reconstituted as S7 Guard 40437 | -2/Testing | Spotted S7 Guard 40438 | -2/Testing | Destroyed S7 Guard 40438 | -2/Testing | S7 Guard reconstituted as CL-0N3 40447 | -2/Testing | Entered Access 40447 | -1/Access | Evolved 2 slots: Utility x2 40448 | -1/Access | Loaded intel: 101 trap records 40449 | -1/Access | Loaded intel: 23 terminal locations 40450 | -1/Access | Loaded intel: 4 repair station locations 40461 | -1/Access | Identified exit to Command 40519 | -1/Access | Destroyed 11 combat bots 40544 | -1/Access | Entered Command 40669 | -1/Command | Found Prototype Processor 40670 | -1/Command | Identified Exp. Terrain Scan Processor 41044 | -1/Command | First assault squad dispatched 41074 | -1/Command | Incoming assault squad redirected 41116 | -1/Command | Spotted M Guard 41116 | -1/Command | Spotted M Guard 41116 | -1/Command | Spotted Combat Programmer 41116 | -1/Command | Spotted Combat Programmer 41134 | -1/Command | Destroyed Combat Programmer 41139 | -1/Command | Destroyed Combat Programmer 41179 | -1/Command | Destroyed M Guard 41199 | -1/Command | Destroyed M Guard 41199 | -1/Command | All MAIN.C guards destroyed 41205 | -1/Command | Found Corrupted Prototype Protection 41205 | -1/Command | Identified Hvy. Regenerative Plating 41208 | -1/Command | Found Corrupted Prototype Device 41210 | -1/Command | Identified AEGIS Remote Shield 41216 | -1/Command | Found Corrupted Prototype Reactor 41219 | -1/Command | Found Corrupted Prototype Reactor 41222 | -1/Command | Found Corrupted AEGIS Remote Shield 41224 | -1/Command | System corruption reached 10% 41503 | -1/Command | Build established: Scavenger-Construct 41549 | -1/Command | Met MAIN.C 41553 | -1/Command | 0b10 Conduit disabled 41566 | -1/Command | Destroyed MAIN.C Shell 41568 | -1/Command | MAIN.C activated Command garrisons 41583 | -1/Command | Destroyed MAIN.C 41591 | -1/Command | Identified Zero-point Reactor 41591 | -1/Command | Discovered new exit (range 38) 41591 | -1/Command | Discovered new exit (range 107) 41591 | -1/Command | Extracted map data and part IDs from MAIN.C's data core 41592 | -1/Command | Found Exp. Powered Armor 41643 | -1/Command | Found Exp. System Purifier 41949 | -1/Command | Build established: Construct 43627 | -1/Command | Found Corrupted Cld. Nova Cannon 43943 | -1/Command | Build established: Scavenger-Construct 44539 | -1/Command | Build established: Construct 44785 | -1/Command | Found Exp. Armor Integrity Analyzer 44788 | -1/Command | Found Vortex Chain Reactor 45340 | -1/Command | Found Corrupted Multirail 45761 | -1/Command | Build established: Scavenger-Construct 45859 | -1/Command | Warped through subspace to slip node 45859 | -1/Command | Discovered new exit (range 4) 45863 | -1/Command | Entered Access_0 45865 | -1/Access_0 | Met Architect 45870 | -1/Access_0 | Destroyed A8 45877 | -1/Access_0 | Architect warped through subspace 45911 | -1/Access_0 | Architect warped through subspace 45943 | -1/Access_0 | Architect warped through subspace 45961 | -1/Access_0 | Subspace Access Node disabled 45980 | -1/Access_0 | Architect warped through subspace 46004 | -1/Access_0 | Architect warped through subspace 46010 | -1/Access_0 | Subspace Access Node disabled 46023 | -1/Access_0 | Architect warped through subspace 46036 | -1/Access_0 | A6 warped into view 46044 | -1/Access_0 | Destroyed A6 46051 | -1/Access_0 | Architect warped through subspace 46078 | -1/Access_0 | Architect warped through subspace 46095 | -1/Access_0 | Found Exp. Targeting Computer 46099 | -1/Access_0 | Found Exp. Weapon Cycler 46105 | -1/Access_0 | Architect warped through subspace 46119 | -1/Access_0 | Subspace Access Node disabled 46133 | -1/Access_0 | Architect warped through subspace 46138 | -1/Access_0 | Found Exp. Targeting Computer 46141 | -1/Access_0 | Found Exp. Phase Shifter 46173 | -1/Access_0 | Architect warped through subspace 46191 | -1/Access_0 | Found Exp. Weapon Cycler 46197 | -1/Access_0 | Found Exp. Phase Shifter 46214 | -1/Access_0 | Architect warped through subspace 46261 | -1/Access_0 | A5 warped into view 46261 | -1/Access_0 | Architect warped through subspace 46270 | -1/Access_0 | Destroyed A5 46297 | -1/Access_0 | Architect warped through subspace 46329 | -1/Access_0 | Architect warped through subspace 46339 | -1/Access_0 | Found Hpw. Transdimensional Reconstructor 46367 | -1/Access_0 | Architect warped through subspace 46386 | -1/Access_0 | Destroyed A2 46392 | -1/Access_0 | Found Exp. Phase Shifter 46396 | -1/Access_0 | Extracted Singularity Gate Test 138-C access codes from A2's data core 46403 | -1/Access_0 | Found Prototype Device 46403 | -1/Access_0 | Identified ST Field Compressor 46417 | -1/Access_0 | Architect warped through subspace 46473 | -1/Access_0 | Architect warped through subspace 46514 | -1/Access_0 | Found Sigix Corpse 46541 | -1/Access_0 | Architect warped through subspace 46554 | -1/Access_0 | Started Test 138-B, establishing a local singularity 46554 | -1/Access_0 | Singularity Gate disabled 46561 | -1/Access_0 | Singularity Gate disabled 46595 | -1/Access_0 | Found Core Regenerator 46596 | -1/Access_0 | Used Core Regenerator, restored core integrity (+400) 46615 | -1/Access_0 | Architect warped through subspace 46643 | -1/Access_0 | A4 warped into view 46654 | -1/Access_0 | Destroyed A4 46666 | -1/Access_0 | Architect warped through subspace 46707 | -1/Access_0 | Architect warped through subspace 46735 | -1/Access_0 | Architect warped through subspace 46759 | -1/Access_0 | Architect warped through subspace 46768 | -1/Access_0 | Found Exp. Powered Armor 46770 | -1/Access_0 | Found Exp. Powered Armor 46778 | -1/Access_0 | Architect warped through subspace 46794 | -1/Access_0 | Architect warped through subspace 46811 | -1/Access_0 | Architect warped through subspace 46823 | -1/Access_0 | Architect warped through subspace 46846 | -1/Access_0 | Subspace Access Node disabled 46855 | -1/Access_0 | Destroyed Architect 46858 | -1/Access_0 | Found Prototype Hackware 46859 | -1/Access_0 | Identified Architect God Chip A 46863 | -1/Access_0 | Found Prototype Hackware 46864 | -1/Access_0 | Identified Architect God Chip D 46868 | -1/Access_0 | Found Prototype Protection 46868 | -1/Access_0 | Identified Centrium Linked Plating 46873 | -1/Access_0 | Extracted unknown sensor trigger ID from Architect's data core 46878 | -1/Access_0 | Found Centrium Linked Plating 46883 | -1/Access_0 | Found Alien Energy Gun 46887 | -1/Access_0 | Found Hpw. Transdimensional Reconstructor 47355 | -1/Access_0 | A3 warped into view 47364 | -1/Access_0 | Destroyed A3 47641 | -1/Access_0 | Found Integrated Mediator 47641 | -1/Access_0 | Installed Integrated Mediator, increased core attachment efficiency 47662 | -1/Access_0 | Warped through subspace to slip node 47662 | -1/Access_0 | Discovered new exit (range 8) 47666 | -1/Access_0 | Warped through subspace to slip node 47692 | *** | Establishing 0b11! Last Messages --------------- 47635_ HV Slug penetrates Workstation. 47635_ Workstation disabled. 47641_ Dropped Lrn. Terrain Scanner. 47641_ Acquired Integrated Mediator. 47641_ Integrated Mediator installed, core attachment efficiency improved. 47644_ Acquired Lrn. Terrain Scanner. 47656_ System corrupted: Heat flow error (+240). 47656_ HV Slug penetrates Reinforced Shell. 47656_ Reinforced Shell breached. 47656_ HV Slug penetrates Reinforced Shell. 47662_ Warped through subspace, drawn to slip node. 47662_ EXIT=FOUND 47666_ Warped through subspace, drawn to slip node. [Achievement: Force of Scrap] [Achievement: 75k Club] [Achievement: 100k Club] [Achievement: Renaissance Bot] Map ----- +----------------------------------------------------+ | | | | | | | | | | | | | | | | | | | | | | | | | | | | | | | | | ???#############################?#####?######????? | | ??####?#####?####?#########?#####?#########?###??? | | ??#?#???####?###########################?######??? | | ??############?################################??? | | ?##########?#####################?######??######?? | | ?##??###########?##?###########?#?##############?? | | ??#####?###?##########################?####?####?? | | ??####################### ######?#######??#?####?? | | ?#########?##?###?####?# ####?#######?########?? | | ?####?######?###?####### @ #?########?####?#####?? | | ##########?#########?### ######################? | | ?################?##### #?##?##?#############?? | | ?#################?#### ##?###??##############?? | | ?#######?#?###?####?#### #####################?? | | ??###############?##?## ####?#########?####?#?? | | ?############?#?####### ############?#######?#?? | | ?##?######?############ < #####?###########??##?? | | ??###########?######### ######################?? | | ??###################### ##############?######?#? | | ??####?########?################?##############?#? | | ???##################?#####?##?########?#?####???? | | ???######??######?##?#######?#################???? | | ????##########?############################?#????? | | ????#####?###########?##?#############?######????? | | ?????########?#########?####################?????? | | ??????###########?####?######?#####?########?????? | | ???????##?##########?#?###?###############??#????? | | ????????########?##?#####################???#????? | | ????????###?###############?###?###?###??????????? | | ??????????#####?###?#?###########?#####??????????? | | ???????????####?###?###?##########?###?##????????? | | ?????????##??#########?####?#######???##?????????? | | ??#??????#?##??#######?########?##???????????????? | | ?#?#??##???#??#??##############???#??????????????? | +----------------------------------------------------+ Best States ------------- Heat Dissipation 152 Coolant Potential 120 Energy Generation 116 Energy Capacity 3348 Matter Stores 300 Matter Capacity 300 Sight Range 23 Robot Scan Range 16 Terrain Scan Range 24 Terrain Scan Density 1010 ECM Strength 2 Jamming Range 14 Cloak Strength 4 Power Amplification 30 Base Temperature (-) 150 Armor Coverage 1650 Resistance: KI 30 Resistance: TH 75 Resistance: EM 75 Point Defense Rating 480 Weapon Cycling 30 Phase Shifting 25 Evasion (%) 88 Targeting Accuracy 30 Melee Accuracy 12 Target Analysis 10 Core Analysis 8 Armor Integrity Analysis 50 Recoil Reduction 6 Matter Filtering 50 Kinecelleration 66 Salvage Targeting 2 Offensive Hacking 100 Defensive Hacking 100 Authchip Count 1 Item Schematics ----------------- Huge Storage Unit | -10/Materials | Hacked Cargo Storage Unit | -9/Materials | Hacked Hrd. Medium Armor Plating | -8/Recycling | Hacked Imp. Target Analyzer | -8/Recycling | Hacked Adv. Terrain Scan Processor | -8/Recycling | Hacked Combat Drone Bay | -6/Data Miner | Free Lgt. Regenerative Plating | -6/Data Miner | Free Enh. Armored Leg | -6/Data Miner | Free Imp. Energy Well | -6/Data Miner | Free Imp. KE Penetrator | -6/Data Miner | Free Imp. Antigrav System | -6/Data Miner | Free Adv. Cryofiber Web | -6/Data Miner | Free Adv. Datajack | -6/Data Miner | Free Mak. Microdissipator Network | -5/Factory | Scanalyzed Assault Drone Bay | -5/Zhirov | Free Exp. Heat Sink | -5/Zhirov | Free Exp. Optical Array | -5/Zhirov | Free Imp. Arc Thrower | -5/Zhirov | Free Cld. Gravmag System | -3/Research | Scanalyzed Prc. Matter Filter | -3/Protoforge | Archive Proton Burst Cannon | -3/Protoforge | Archive Cld. Field Propulsion Drive | -3/Protoforge | Archive Robot Schematics ------------------ L-41 Fighter | -6/Data Miner | Free A-15 Conveyor | -6/Data Miner | Free Y-64 Sentinel | -6/Data Miner | Free Y-54 Guardian | -6/Data Miner | Free G-67 Veteran | -6/Data Miner | Free C-35 Carver | -6/Data Miner | Free Fabricated ------------ Mak. Microdissipator Network | x1 | -5/Factory Centrium Leg | x1 | -4/Factory | Preloaded Centrium Leg | x1 | -2/Testing | Preloaded Repaired ---------- Med. Armor Plating | 30% | -9/Materials Lgt. Treads | 12% | -9/Materials Autogun | 13% | -8/Materials Studied --------- Autogun | -9/Materials | Hacked Imp. Treads | -8/Materials | Hacked Lgt. Treads | -8/Materials | Hacked Spread Laser | -6/Factory | Hacked Nuclear Pulse Thruster | -6/Factory | Hacked Wave Gun | -4/Factory | Hacked Biometal Medium Treads | -3/Research | Hacked Railgun | -3/Quarantine | Hacked Imp. Thunder Leg | -3/Quarantine | Hacked Coil Gun | -3/Quarantine | Hacked Adv. Medium Treads | -3/Quarantine | Hacked Centrium Leg | -2/Research | Hacked Enh. Hardcell Cannon | -2/Testing | Hacked Alien Tech Used ----------------- Integrated Reactor Phase Armor Dimensional Node Initializer Subatomic Replicator Transdimensional Reconstructor Core Regenerator Integrated Mediator High-powered Transdimensional Reconstructor Achievements -------------- 100k Club 75k Club A Problem For Future Me Anti-science Crusade Bigger Is Better Bumper Bots DATA ERROR: Steam Global Achievement% DIY Cooler Ew, Corruption For Emergencies Only Force of Scrap Ghost 'Em Heavy Suspicion I Have A Map? I Laugh At Your Crits Immobile And Lovin' It Into The Breach Inventory(Loot) Item+ Jackpot Look Less Dangerous Next Time My Business Is Booming Myspace Network Effect Not Immortal After All Not So Scrappy Organ Harvest Overwhelming Power Plant Renaissance Bot Resistances Are Futile Scrappetite Spot Them First Sprinter Super-what Now? The Better Part Of Valor There's More Where That Came From Throw Away The Key Well-fed Force Field Wiki Contributor Worth The Wait You Again You May Approach The Wall Challenges ------------ None Game ------ Seed BoreImprovedSplitter Manual? 0 Play Time 10:53:14 Cumulative 754.0 hours Start 2025.10.23 @ 01:47:39 End 2025.10.24 @ 02:47:13 Sessions 3 Manual Loads 0 Difficulty Rogue Special Mode None Game No. 169 Rogue 169 Adventurer 0 Explorer 0 Win Type 1 Total 45 Types 13/7/9/2/1/1/8/2/1/1 Lore% 78 Gallery% 85 Achievement% 54 Wizard Run 0 Options --------- Layout 1 ASCII 0 Keyboard 0 Movement Mouse Keybinds 0 Fullscreen 1 Font 24/Smallcaps Map View 50x35 Zoom Use 4% Tactical HUD 1 Map Filters NONE Filters NONE Steam 1 RUN: 178a971c-9393-4c67-a1d4-39fcf1ffb2aa